Workbook

Sheet PROC_ Purchase Orders in excess
A1: Acgrp2 | B1: Acc element | C1: Acc element(T) | D1: Ap/Ar ID | E1: Ap/Ar ID(T) | F1: Accounts Payable or Accounts Rec | G1: EURO | H1: OrderNo | I1: Reason for Removal
A2: 69300 | B2: 69300 | C2: Capital Contracts Expenditure | D2: 6312 | E2: JONS CIVIL ENGINEERING CO LTD | F2: P | G2: 933295.79 | H2: 400226014
A3: 69300 | B3: 69300 | C3: Capital Contracts Expenditure | D3: 6312 | E3: JONS CIVIL ENGINEERING CO LTD | F3: P | G3: 756855.46 | H3: 400226015
A4: 69300 | B4: 69300 | C4: Capital Contracts Expenditure | D4: 6312 | E4: JONS CIVIL ENGINEERING CO LTD | F4: P | G4: 361818.32 | H4: 400224826
A5: 69300 | B5: 65500 | C5: Minor Contracts- Trade Services & other works | D5: 722597 | E5: BREEDON SURFACING SOLUTIONS IRELAND LIMITED | F5: P | G5: 179497.25 | H5: 400226051
A6: 69300 | B6: 65500 | C6: Minor Contracts- Trade Services & other works | D6: 17804 | E6: WINCOVE CONSTRUCTION LTD | F6: P | G6: 177253.76 | H6: 400223246
A7: 65700 | B7: 13200 | C7: Plant Long Life Suspense | D7: 1140 | E7: SIDHEAN TEO | F7: P | G7: 137707.75 | H7: 400225427
A8: 69300 | B8: 65500 | C8: Minor Contracts- Trade Services & other works | D8: 17804 | E8: WINCOVE CONSTRUCTION LTD | F8: P | G8: 133501.51 | H8: 400223265
A9: 69300 | B9: 65500 | C9: Minor Contracts- Trade Services & other works | D9: 722597 | E9: BREEDON SURFACING SOLUTIONS IRELAND LIMITED | F9: P | G9: 133246.45 | H9: 400225443
A10: 69300 | B10: 65500 | C10: Minor Contracts- Trade Services & other works | D10: 17804 | E10: WINCOVE CONSTRUCTION LTD | F10: P | G10: 131851.28 | H10: 400223260
A11: 79000 | B11: 79900 | C11: Consultancy/Professional Fees and Expenses | D11: 19311 | E11: VAN DIJK ARCHITECTS LTDD | F11: P | G11: 131737.92 | H11: 400225517
A12: 69300 | B12: 65500 | C12: Minor Contracts- Trade Services & other works | D12: 17804 | E12: WINCOVE CONSTRUCTION LTD | F12: P | G12: 131100.24 | H12: 400223264
A13: 69300 | B13: 65500 | C13: Minor Contracts- Trade Services & other works | D13: 17804 | E13: WINCOVE CONSTRUCTION LTD | F13: P | G13: 125156.84 | H13: 400223252
... A19: 69300 | B19: 69300 | C19: Capital Contracts Expenditure | D19: 18684 | E19: GANNON & MC NAMARA ELECTRICAL LTD | F19: P | G19: 96922.85 | H19: 400225904
A20: 86000 | B20: 86000 | C20: Energy / Utilities | D20: 4000 | E20: ENERGIA | F20: P | G20: 95977.31 | H20: 0 | I20: Remove multiple small invoices
A21: 69300 | B21: 69300 | C21: Capital Contracts Expenditure | D21: 16748 | E21: SAMMON DEVELOPMENTS (AUGHNASHEELIN) LTD | F21: P | G21: 94798.8 | H21: 400224577
A22: 69300 | B22: 65500 | C22: Minor Contracts- Trade Services & other works | D22: 17804 | E22: WINCOVE CONSTRUCTION LTD | F22: P | G22: 94067.32 | H22: 400224728
A23: 69300 | B23: 69300 | C23: Capital Contracts Expenditure | D23: 16748 | E23: SAMMON DEVELOPMENTS (AUGHNASHEELIN) LTD | F23: P | G23: 93880.17 | H23: 400226172
A24: 69300 | B24: 65500 | C24: Minor Contracts- Trade Services & other works | D24: 722597 | E24: BREEDON SURFACING SOLUTIONS IRELAND LIMITED | F24: P | G24: 93072.67 | H24: 400224800
A25: 69300 | B25: 69300 | C25: Capital Contracts Expenditure | D25: 19368 | E25: EAMONN FARRELL CARPENTRY & CONSTRUCTION LTD | F25: P | G25: 92028.65 | H25: 400225733
A26: 69300 | B26: 65500 | C26: Minor Contracts- Trade Services & other works | D26: 722597 | E26: BREEDON SURFACING SOLUTIONS IRELAND LIMITED | F26: P | G26: 91130.97 | H26: 400225444
A27: 69300 | B27: 65500 | C27: Minor Contracts- Trade Services & other works | D27: 17804 | E27: WINCOVE CONSTRUCTION LTD | F27: P | G27: 86938.73 | H27: 400225327
A28: 69300 | B28: 65500 | C28: Minor Contracts- Trade Services & other works | D28: 722597 | E28: BREEDON SURFACING SOLUTIONS IRELAND LIMITED | F28: P | G28: 82594.91 | H28: 400225532
A29: 69300 | B29: 69300 | C29: Capital Contracts Expenditure | D29: 17278 | E29: CROSSERLOUGH CONSTRUCTION LTD | F29: P | G29: 82329.88 | H29: 400225236
A30: 69300 | B30: 65500 | C30: Minor Contracts- Trade Services & other works | D30: 17804 | E30: WINCOVE CONSTRUCTION LTD | F30: P | G30: 80810.77 | H30: 400223238
A31: 69300 | B31: 65500 | C31: Minor Contracts- Trade Services & other works | D31: 722597 | E31: BREEDON SURFACING SOLUTIONS IRELAND LIMITED | F31: P | G31: 76707.73 | H31: 400225128
A32: 79000 | B32: 79900 | C32: Consultancy/Professional Fees and Expenses | D32: 14126 | E32: OVE ARUP & PARTNERS IRELAND LTD | F32: P | G32: 75599.23 | H32: 400225435
... A46: 69300 | B46: 65500 | C46: Minor Contracts- Trade Services & other works | D46: 13284 | E46: TRIUR CONSTRUCTION LTD | F46: P | G46: 54365.37 | H46: 400225538
A47: 69300 | B47: 65500 | C47: Minor Contracts- Trade Services & other works | D47: 17804 | E47: WINCOVE CONSTRUCTION LTD | F47: P | G47: 53870.73 | H47: 400226202 | I47: Remove multiple small invoices
A48: 69300 | B48: 69300 | C48: Capital Contracts Expenditure | D48: 14429 | E48: SEAN QUIGLEY CONTRACTS LTD | F48: P | G48: 53858.59 | H48: 400226298
A49: 69300 | B49: 69300 | C49: Capital Contracts Expenditure | D49: 19207 | E49: DANFO UK LTD | F49: P | G49: 53565.96 | H49: 400225511
A50: 69300 | B50: 65500 | C50: Minor Contracts- Trade Services & other works | D50: 722597 | E50: BREEDON SURFACING SOLUTIONS IRELAND LIMITED | F50: P | G50: 51954 | H50: 400225254
A51: 79000 | B51: 79900 | C51: Consultancy/Professional Fees and Expenses | D51: 14734 | E51: SWEENEY ARCHITECTS | F51: P | G51: 50467.52 | H51: 400225781
A52: 69300 | B52: 69300 | C52: Capital Contracts Expenditure | D52: 13095 | E52: EARLEY BROTHERS CONSTRUCTION LTD | F52: P | G52: 47550.83 | H52: 400225779
A53: 69300 | B53: 65500 | C53: Minor Contracts- Trade Services & other works | D53: 722597 | E53: BREEDON SURFACING SOLUTIONS IRELAND LIMITED | F53: P | G53: 46224.41 | H53: 400224805
A54: 99999 | B54: 99999 | C54: AGRESSO SYSTEM ACCOUNT | D54: 52934 | E54: BANK OF IRELAND LVP ACCOUNT | F54: P | G54: 45818.93 | H54: 0 | I54: remove lvp card
A55: 69300 | B55: 65500 | C55: Minor Contracts- Trade Services & other works | D55: 17804 | E55: WINCOVE CONSTRUCTION LTD | F55: P | G55: 45490.08 | H55: 400225305
A56: 79000 | B56: 79900 | C56: Consultancy/Professional Fees and Expenses | D56: 14126 | E56: OVE ARUP & PARTNERS IRELAND LTD | F56: P | G56: 45265.23 | H56: 400225660
A57: 69300 | B57: 65500 | C57: Minor Contracts- Trade Services & other works | D57: 17804 | E57: WINCOVE CONSTRUCTION LTD | F57: P | G57: 44978.23 | H57: 400226080
A58: 79000 | B58: 79000 | C58: Legal Fees and Expenses | D58: 11478 | E58: ARTHUR COX LLP | F58: P | G58: 43050 | H58: 400224642 | I58: Remove legal
A59: 69300 | B59: 65500 | C59: Minor Contracts- Trade Services & other works | D59: 17804 | E59: WINCOVE CONSTRUCTION LTD | F59: P | G59: 42280.79 | H59: 400225610
A60: 69300 | B60: 69300 | C60: Capital Contracts Expenditure | D60: 16748 | E60: SAMMON DEVELOPMENTS (AUGHNASHEELIN) LTD | F60: P | G60: 42234.3 | H60: 400225294
A61: 69300 | B61: 65500 | C61: Minor Contracts- Trade Services & other works | D61: 722597 | E61: BREEDON SURFACING SOLUTIONS IRELAND LIMITED | F61: P | G61: 42218.03 | H61: 400224802
A62: 69300 | B62: 65500 | C62: Minor Contracts- Trade Services & other works | D62: 722597 | E62: BREEDON SURFACING SOLUTIONS IRELAND LIMITED | F62: P | G62: 40851.77 | H62: 400224060
A63: 79000 | B63: 79900 | C63: Consultancy/Professional Fees and Expenses | D63: 14126 | E63: OVE ARUP & PARTNERS IRELAND LTD | F63: P | G63: 40737.6 | H63: 400225658
A64: 86000 | B64: 86000 | C64: Energy / Utilities | D64: 52299 | E64: LVP SUPPLIER | F64: P | G64: 40031.05 | H64: 0 | I64: remove lvp card
A65: 69300 | B65: 65500 | C65: Minor Contracts- Trade Services & other works | D65: 722597 | E65: BREEDON SURFACING SOLUTIONS IRELAND LIMITED | F65: P | G65: 39905.92 | H65: 400224806
A66: 69300 | B66: 65500 | C66: Minor Contracts- Trade Services & other works | D66: 722597 | E66: BREEDON SURFACING SOLUTIONS IRELAND LIMITED | F66: P | G66: 39125.27 | H66: 400226215
A67: 69300 | B67: 65500 | C67: Minor Contracts- Trade Services & other works | D67: 722597 | E67: BREEDON SURFACING SOLUTIONS IRELAND LIMITED | F67: P | G67: 38854.46 | H67: 400224804
A68: 69300 | B68: 65500 | C68: Minor Contracts- Trade Services & other works | D68: 17804 | E68: WINCOVE CONSTRUCTION LTD | F68: P | G68: 37882.75 | H68: 400223236
A69: 69300 | B69: 65500 | C69: Minor Contracts- Trade Services & other works | D69: 722597 | E69: BREEDON SURFACING SOLUTIONS IRELAND LIMITED | F69: P | G69: 33440.68 | H69: 400225485
A70: 79000 | B70: 79900 | C70: Consultancy/Professional Fees and Expenses | D70: 14734 | E70: SWEENEY ARCHITECTS | F70: P | G70: 32139.9 | H70: 400225984
A71: 70000 | B71: 70000 | C71: Materials | D71: 52299 | E71: LVP SUPPLIER | F71: P | G71: 29891.43 | H71: 0 | I71: remove lvp card
A72: 69300 | B72: 65500 | C72: Minor Contracts- Trade Services & other works | D72: 722597 | E72: BREEDON SURFACING SOLUTIONS IRELAND LIMITED | F72: P | G72: 29583.26 | H72: 400225490
A73: 69300 | B73: 65500 | C73: Minor Contracts- Trade Services & other works | D73: 722597 | E73: BREEDON SURFACING SOLUTIONS IRELAND LIMITED | F73: P | G73: 29566.75 | H73: 400226217
A74: 69300 | B74: 65500 | C74: Minor Contracts- Trade Services & other works | D74: 14616 | E74: MCCABE MASONRY LIMITED | F74: P | G74: 29510 | H74: 400223394
A75: 86000 | B75: 86000 | C75: Energy / Utilities | D75: 52933 | E75: CIRCLE K FUEL CARD ACCOUNT | F75: P | G75: 29296.7 | H75: 0 | I75: remove fuel card
A76: 69300 | B76: 65500 | C76: Minor Contracts- Trade Services & other works | D76: 17804 | E76: WINCOVE CONSTRUCTION LTD | F76: P | G76: 27853.13 | H76: 400226081
A77: 70000 | B77: 70000 | C77: Materials | D77: 353004 | E77: BERNEY CROSSAN & SONS LTD | F77: P | G77: 27813.72 | H77: 400225952
A78: 79000 | B78: 79900 | C78: Consultancy/Professional Fees and Expenses | D78: 4154 | E78: STANTEC IRELAND LIMITED | F78: P | G78: 25686.26 | H78: 400225924
A79: 69300 | B79: 65500 | C79: Minor Contracts- Trade Services & other works | D79: 17804 | E79: WINCOVE CONSTRUCTION LTD | F79: P | G79: 25299.15 | H79: 400224715
A80: 65710 | B80: 65000 | C80: Land Purchase/Compensation | D80: 4041 | E80: E. C. Gearty Solicitors | F80: P | G80: 25000 | H80: 400225273 | I80: Remove Legal
A81: 69300 | B81: 65500 | C81: Minor Contracts- Trade Services & other works | D81: 722597 | E81: BREEDON SURFACING SOLUTIONS IRELAND LIMITED | F81: P | G81: 24705.77 | H81: 400225491
A82: 79000 | B82: 79900 | C82: Consultancy/Professional Fees and Expenses | D82: 19105 | E82: BABLE GMBH | F82: P | G82: 24150 | H82: 400226299
A83: 79000 | B83: 79900 | C83: Consultancy/Professional Fees and Expenses | D83: 17792 | E83: ASPECT ARCHITECTURE T/A MCCABE ARCHITECTS | F83: P | G83: 23616 | H83: 400226255
A84: 79000 | B84: 79900 | C84: Consultancy/Professional Fees and Expenses | D84: 14126 | E84: OVE ARUP & PARTNERS IRELAND LTD | F84: P | G84: 23559.42 | H84: 400225659
A85: 69300 | B85: 65500 | C85: Minor Contracts- Trade Services & other works | D85: 17804 | E85: WINCOVE CONSTRUCTION LTD | F85: P | G85: 22567.99 | H85: 400226126
A86: 76000 | B86: 76000 | C86: Communication Expenses | D86: 12010 | E86: THREE IRELAND (SERVICES) HUTCHISON LIMITED | F86: P | G86: 22519.72 | H86: 0 | I86: Rmove multiple monthly invoces
A87: 69300 | B87: 65500 | C87: Minor Contracts- Trade Services & other works | D87: 295728 | E87: ARDCARNE GARDEN CENTRE | F87: P | G87: 22485 | H87: 400226079
A88: 99000 | B88: 99000 | C88: Miscellaneous Expenses | D88: 384392 | E88: COMMERCIAL & TOURIST HOTEL | F88: P | G88: 21370 | H88: 400226152
A89: 74900 | B89: 71700 | C89: Community Events | D89: 19206 | E89: LEITRIM INTEGRATED DEVELOPMENT CO (TRAVELLER CDC) | F89: P | G89: 20305 | H89: 400224717
A90: 85000 | B90: 85000 | C90: Rent | D90: 14779 | E90: CARRICK-ON-SHANNON INVESTMENTS LTD. | F90: P | G90: 20295 | H90: 400220987 | I90: Remove 3 monthly payments
G91: 7631135.5

Sheet ORDER WITH PRODUCT
A1: Enquiry run to determine the product for the order with the greatest value fo rto determine the SPENDCAT - DO NOT AMEND/ALTER THIS SHEET
A2: Cat3 | B2: Acgrp2 | C2: Acc element | D2: Acc element(T) | E2: Ap/Ar ID | F2: Ap/Ar ID(T) | G2: Accounts Payable or Accounts Rec | H2: OrderNo | I2: EURO | J2: SPENDCAT
A3: CAT01 | B3: 70000 | C3: 70000 | D3: Materials | E3: 5238 | F3: COLAS BITUMEN EMULSIONS (WEST) LIMITED | G3: P | H3: 400226946 | I3: 4724.2 | J3: =VLOOKUP(A3,'SPENDCAT By Product'!A:B,2,0) -> MWS020017
A4: CAT03 | B4: 70000 | C4: 70000 | D4: Materials | E4: 5238 | F4: COLAS BITUMEN EMULSIONS (WEST) LIMITED | G4: P | H4: 400226946 | I4: 1652.56 | J4: =VLOOKUP(A4,'SPENDCAT By Product'!A:B,2,0) -> MWW021017
A5: MNT04 | B5: 85200 | C5: 85250 | D5: Management Fees & Service Charges to Non-Las | E5: 10008 | F5: LOCK UP ALARMS LTD | G5: P | H5: 400226880 | I5: 1674.13 | J5: =VLOOKUP(A5,'SPENDCAT By Product'!A:B,2,0) -> SEC028001
A6: ELC001 | B6: 65700 | C6: 68500 | D6: Non-Capital Equip Purchase - Other | E6: 11847 | F6: MCADAM CONSULTING SERVICES LTD | G6: P | H6: 400226878 | I6: 13899 | J6: =VLOOKUP(A6,'SPENDCAT By Product'!A:B,2,0) -> SEC028006
A7: ELC001 | B7: 65700 | C7: 68500 | D7: Non-Capital Equip Purchase - Other | E7: 11847 | F7: MCADAM CONSULTING SERVICES LTD | G7: P | H7: 400226853 | I7: 1135 | J7: =VLOOKUP(A7,'SPENDCAT By Product'!A:B,2,0) -> SEC028006
A8: MNT04 | B8: 85200 | C8: 85250 | D8: Management Fees & Service Charges to Non-Las | E8: 10008 | F8: LOCK UP ALARMS LTD | G8: P | H8: 400226823 | I8: 8605.25 | J8: =VLOOKUP(A8,'SPENDCAT By Product'!A:B,2,0) -> SEC028001
A9: CON40 | B9: 69300 | C9: 65500 | D9: Minor Contracts- Trade Services & other works | E9: 295728 | F9: ARDCARNE GARDEN CENTRE | G9: P | H9: 400226820 | I9: 9761 | J9: =VLOOKUP(A9,'SPENDCAT By Product'!A:B,2,0) -> MWW021017
A10: HOR01 | B10: 70000 | C10: 70000 | D10: Materials | E10: 295728 | F10: ARDCARNE GARDEN CENTRE | G10: P | H10: 400226820 | I10: 6492.2 | J10: =VLOOKUP(A10,'SPENDCAT By Product'!A:B,2,0) -> MWS020017
A11: BLD37 | B11: 70000 | C11: 70000 | D11: Materials | E11: 3536 | F11: DRUMSHANBO O' DONNELL ELECTRICAL LTD | G11: P | H11: 400226742 | I11: 144.15 | J11: =VLOOKUP(A11,'SPENDCAT By Product'!A:B,2,0) -> MWS020012
A12: CON66 | B12: 69300 | C12: 69300 | D12: Capital Contracts Expenditure | E12: 13269 | F12: UISCE EIREANN (IRISH WATER) | G12: P | H12: 400226733 | I12: 13017 | J12: =VLOOKUP(A12,'SPENDCAT By Product'!A:B,2,0) -> CWK006004
A13: PLH522 | B13: 69400 | C13: 69000 | D13: Hire (Ext) - Plant/Transport/Machinery & Equipment | E13: 16704 | F13: JJ BURKE CAR SALES LTD | G13: P | H13: 400226663 | I13: 2790.38 | J13: =VLOOKUP(A13,'SPENDCAT By Product'!A:B,2,0) -> PLH024016
A14: MKT02 | B14: 75000 | C14: 80000 | D14: Advertising | E14: 19545 | F14: DESIGNWEST CREATIVES LTD | G14: P | H14: 400226658 | I14: 6150 | J14: =VLOOKUP(A14,'SPENDCAT By Product'!A:B,2,0) -> #N/A
... A1625: ENG03 | B1625: 86000 | C1625: 86000 | D1625: Energy / Utilities | E1625: 4000 | F1625: ENERGIA | G1625: P | H1625: 0 | I1625: 95977.31 | J1625: =VLOOKUP(A1625,'SPENDCAT By Product'!A:B,2,0) -> ELE033001
B1626: 99999 | C1626: 99999 | D1626: AGRESSO SYSTEM ACCOUNT | E1626: 52934 | F1626: BANK OF IRELAND LVP ACCOUNT | G1626: P | H1626: 0 | I1626: 45818.93 | J1626: =VLOOKUP(A1626,'SPENDCAT By Product'!A:B,2,0) -> #N/A
A1627: ENG11 | B1627: 86000 | C1627: 86000 | D1627: Energy / Utilities | E1627: 52299 | F1627: LVP SUPPLIER | G1627: P | H1627: 0 | I1627: 33189.12 | J1627: =VLOOKUP(A1627,'SPENDCAT By Product'!A:B,2,0) -> FVP013001
A1628: ENG3X337 | B1628: 86000 | C1628: 86000 | D1628: Energy / Utilities | E1628: 52933 | F1628: CIRCLE K FUEL CARD ACCOUNT | G1628: P | H1628: 0 | I1628: 29296.7 | J1628: =VLOOKUP(A1628,'SPENDCAT By Product'!A:B,2,0) -> #N/A
A1629: COM08 | B1629: 76000 | C1629: 76000 | D1629: Communication Expenses | E1629: 12010 | F1629: THREE IRELAND (SERVICES) HUTCHISON LIMITED | G1629: P | H1629: 0 | I1629: 22519.72 | J1629: =VLOOKUP(A1629,'SPENDCAT By Product'!A:B,2,0) -> TEL030002
A1630: RAS02 | B1630: 74900 | C1630: 73600 | D1630: Third Party Housing Rent Landlord Payments | E1630: 16911 | F1630: JIM DALTON RAS ONLY | G1630: P | H1630: 0 | I1630: 13000 | J1630: =VLOOKUP(A1630,'SPENDCAT By Product'!A:B,2,0) -> NON022005
A1631: RAS02 | B1631: 74900 | C1631: 73600 | D1631: Third Party Housing Rent Landlord Payments | E1631: 14725 | F1631: SOCIETY OF ST VINCENT DE PAUL- NORTH WEST REGION | G1631: P | H1631: 0 | I1631: 12172.56 | J1631: =VLOOKUP(A1631,'SPENDCAT By Product'!A:B,2,0) -> NON022005
B1632: 65965 | C1632: 65965 | D1632: Transfer to/from Cap/Rev (Exp) | E1632: 19216 | G1632: P | H1632: 0 | I1632: 12054 | J1632: =VLOOKUP(A1632,'SPENDCAT By Product'!A:B,2,0) -> #N/A
A1633: RAS02 | B1633: 74900 | C1633: 73600 | D1633: Third Party Housing Rent Landlord Payments | E1633: 11369 | F1633: LLR PROPERTY SERVICES LTD | G1633: P | H1633: 0 | I1633: 11250 | J1633: =VLOOKUP(A1633,'SPENDCAT By Product'!A:B,2,0) -> NON022005
A1634: POS02 | B1634: 76000 | C1634: 76100 | D1634: Postage | E1634: 11826 | F1634: CASS COMPUTER ANCILLARY SALES & SERVICES LTD. | G1634: P | H1634: 0 | I1634: 9450 | J1634: =VLOOKUP(A1634,'SPENDCAT By Product'!A:B,2,0) -> OFF023011
A1635: ENG03 | B1635: 86000 | C1635: 86000 | D1635: Energy / Utilities | E1635: 13222 | F1635: ESB ELECTRIC IRELAND | G1635: P | H1635: 0 | I1635: 8810.15 | J1635: =VLOOKUP(A1635,'SPENDCAT By Product'!A:B,2,0) -> ELE033001
A1636: SHLI02 | B1636: 74900 | C1636: 73600 | D1636: Third Party Housing Rent Landlord Payments | E1636: 17812 | F1636: DAMIEN HAMILL ( RAS ONLY ) | G1636: P | H1636: 0 | I1636: 8750 | J1636: =VLOOKUP(A1636,'SPENDCAT By Product'!A:B,2,0) -> NON022005
A1637: RAS02 | B1637: 74900 | C1637: 73600 | D1637: Third Party Housing Rent Landlord Payments | E1637: 14042 | F1637: CLUAININ VOLUNTARY HOUSING ASSOCIATION CLG | G1637: P | H1637: 0 | I1637: 7768.32 | J1637: =VLOOKUP(A1637,'SPENDCAT By Product'!A:B,2,0) -> NON022005
B1638: 59940 | C1638: 65940 | D1638: Inter Capital Transfers (Exp) | E1638: 18584 | G1638: P | H1638: 0 | I1638: 6765 | J1638: =VLOOKUP(A1638,'SPENDCAT By Product'!A:B,2,0) -> #N/A
A1639: RAS02 | B1639: 74900 | C1639: 73600 | D1639: Third Party Housing Rent Landlord Payments | E1639: 18931 | F1639: GORDON HUGHES ESTATE AGENTS | G1639: P | H1639: 0 | I1639: 6450 | J1639: =VLOOKUP(A1639,'SPENDCAT By Product'!A:B,2,0) -> NON022005
A1640: SHLI02 | B1640: 74900 | C1640: 73600 | D1640: Third Party Housing Rent Landlord Payments | E1640: 17954 | F1640: DRUMARG PROPERTIES LTD | G1640: P | H1640: 0 | I1640: 4950 | J1640: =VLOOKUP(A1640,'SPENDCAT By Product'!A:B,2,0) -> NON022005
A1641: SHLI02 | B1641: 74900 | C1641: 73600 | D1641: Third Party Housing Rent Landlord Payments | E1641: 19148 | F1641: MOSLEYWAY LIMITED | G1641: P | H1641: 0 | I1641: 4800 | J1641: =VLOOKUP(A1641,'SPENDCAT By Product'!A:B,2,0) -> NON022005
A1642: ITEQ12 | B1642: 65700 | C1642: 67500 | D1642: Non-Capital Equip Purchase - Computers | E1642: 52299 | F1642: LVP SUPPLIER | G1642: P | H1642: 0 | I1642: 4702.05 | J1642: =VLOOKUP(A1642,'SPENDCAT By Product'!A:B,2,0) -> ICT016015
A1643: RAS02 | B1643: 74900 | C1643: 73600 | D1643: Third Party Housing Rent Landlord Payments | E1643: 19355 | F1643: FRANCIS DEVANEY | G1643: P | H1643: 0 | I1643: 4200 | J1643: =VLOOKUP(A1643,'SPENDCAT By Product'!A:B,2,0) -> NON022005
A1644: SHLI02 | B1644: 74900 | C1644: 73600 | D1644: Third Party Housing Rent Landlord Payments | E1644: 19317 | F1644: AIDAN GALLAGHER | G1644: P | H1644: 0 | I1644: 4200 | J1644: =VLOOKUP(A1644,'SPENDCAT By Product'!A:B,2,0) -> NON022005
A1645: ENG3X337 | B1645: 86000 | C1645: 86000 | D1645: Energy / Utilities | E1645: 52299 | F1645: LVP SUPPLIER | G1645: P | H1645: 0 | I1645: 4145.75 | J1645: =VLOOKUP(A1645,'SPENDCAT By Product'!A:B,2,0) -> #N/A
A1646: RAS02 | B1646: 74900 | C1646: 73600 | D1646: Third Party Housing Rent Landlord Payments | E1646: 12905 | F1646: NOEL MCKEON | G1646: P | H1646: 0 | I1646: 4050 | J1646: =VLOOKUP(A1646,'SPENDCAT By Product'!A:B,2,0) -> NON022005
A1647: SHLI02 | B1647: 74900 | C1647: 73600 | D1647: Third Party Housing Rent Landlord Payments | E1647: 19175 | F1647: KIERAN O'CAROLAN | G1647: P | H1647: 0 | I1647: 3900 | J1647: =VLOOKUP(A1647,'SPENDCAT By Product'!A:B,2,0) -> NON022005
A1648: RAS02 | B1648: 74900 | C1648: 73600 | D1648: Third Party Housing Rent Landlord Payments | E1648: 10495 | F1648: MARY MCKEON | G1648: P | H1648: 0 | I1648: 3750 | J1648: =VLOOKUP(A1648,'SPENDCAT By Product'!A:B,2,0) -> NON022005
A1649: SHLI02 | B1649: 74900 | C1649: 73600 | D1649: Third Party Housing Rent Landlord Payments | E1649: 10495 | F1649: MARY MCKEON | G1649: P | H1649: 0 | I1649: 3750 | J1649: =VLOOKUP(A1649,'SPENDCAT By Product'!A:B,2,0) -> NON022005
A1650: RAS02 | B1650: 74900 | C1650: 73600 | D1650: Third Party Housing Rent Landlord Payments | E1650: 10330 | F1650: CLEMENT GAFFNEY | G1650: P | H1650: 0 | I1650: 3738 | J1650: =VLOOKUP(A1650,'SPENDCAT By Product'!A:B,2,0) -> NON022005
... A1707: RAS02 | B1707: 74900 | C1707: 73600 | D1707: Third Party Housing Rent Landlord Payments | E1707: 9732 | F1707: PADDY KILRANE RAS ONLY | G1707: P | H1707: 0 | I1707: 1800 | J1707: =VLOOKUP(A1707,'SPENDCAT By Product'!A:B,2,0) -> NON022005
B1708: 65700 | C1708: 13400 | D1708: Other Equipment Suspense | E1708: 52299 | F1708: LVP SUPPLIER | G1708: P | H1708: 0 | I1708: 1785.61 | J1708: =VLOOKUP(A1708,'SPENDCAT By Product'!A:B,2,0) -> #N/A
A1709: RAS02 | B1709: 74900 | C1709: 73600 | D1709: Third Party Housing Rent Landlord Payments | E1709: 10380 | F1709: EAMON & LESLEY DONOHOE | G1709: P | H1709: 0 | I1709: 1650 | J1709: =VLOOKUP(A1709,'SPENDCAT By Product'!A:B,2,0) -> NON022005
A1710: RAS02 | B1710: 74900 | C1710: 73600 | D1710: Third Party Housing Rent Landlord Payments | E1710: 10385 | F1710: MICHAEL MCCARTIN | G1710: P | H1710: 0 | I1710: 1650 | J1710: =VLOOKUP(A1710,'SPENDCAT By Product'!A:B,2,0) -> NON022005
A1711: STAT100 | B1711: 81000 | C1711: 81000 | D1711: Printing & Office Consumables | E1711: 52299 | F1711: LVP SUPPLIER | G1711: P | H1711: 0 | I1711: 1524.59 | J1711: =VLOOKUP(A1711,'SPENDCAT By Product'!A:B,2,0) -> OFF023009
A1712: RAS02 | B1712: 74900 | C1712: 73600 | D1712: Third Party Housing Rent Landlord Payments | E1712: 13037 | F1712: AARON COLLINS | G1712: P | H1712: 0 | I1712: 1500 | J1712: =VLOOKUP(A1712,'SPENDCAT By Product'!A:B,2,0) -> NON022005
A1713: FEN10 | B1713: 70000 | C1713: 70000 | D1713: Materials | E1713: 52299 | F1713: LVP SUPPLIER | G1713: P | H1713: 0 | I1713: 1460.77 | J1713: =VLOOKUP(A1713,'SPENDCAT By Product'!A:B,2,0) -> MWS020017
A1714: FIRE09 | B1714: 74900 | C1714: 74000 | D1714: Meals for Firemen | E1714: 52299 | F1714: LVP SUPPLIER | G1714: P | H1714: 0 | I1714: 1422.54 | J1714: =VLOOKUP(A1714,'SPENDCAT By Product'!A:B,2,0) -> COR007007
A1715: Z070041 | B1715: 70000 | C1715: 70000 | D1715: Materials | E1715: 52299 | F1715: LVP SUPPLIER | G1715: P | H1715: 0 | I1715: 1218.26 | J1715: =VLOOKUP(A1715,'SPENDCAT By Product'!A:B,2,0) -> EQP010009
A1716: RAS02 | B1716: 74900 | C1716: 73600 | D1716: Third Party Housing Rent Landlord Payments | E1716: 10498 | F1716: SEAMUS SHANLEY | G1716: P | H1716: 0 | I1716: 1200 | J1716: =VLOOKUP(A1716,'SPENDCAT By Product'!A:B,2,0) -> NON022005
A1717: RAS02 | B1717: 74900 | C1717: 73600 | D1717: Third Party Housing Rent Landlord Payments | E1717: 10398 | F1717: FERGUS O'BRIEN | G1717: P | H1717: 0 | I1717: 1170 | J1717: =VLOOKUP(A1717,'SPENDCAT By Product'!A:B,2,0) -> NON022005
A1718: ENG01 | B1718: 86000 | C1718: 86000 | D1718: Energy / Utilities | E1718: 52299 | F1718: LVP SUPPLIER | G1718: P | H1718: 0 | I1718: 1114.18 | J1718: =VLOOKUP(A1718,'SPENDCAT By Product'!A:B,2,0) -> FVP013003
A1719: RAS02 | B1719: 74900 | C1719: 73600 | D1719: Third Party Housing Rent Landlord Payments | E1719: 1098 | F1719: PHILOMENA OBRIEN | G1719: P | H1719: 0 | I1719: 1050 | J1719: =VLOOKUP(A1719,'SPENDCAT By Product'!A:B,2,0) -> NON022005
A1720: SHLI02 | B1720: 74900 | C1720: 73600 | D1720: Third Party Housing Rent Landlord Payments | E1720: 13126 | F1720: MARIAN WARD DUFFY | G1720: P | H1720: 0 | I1720: 1050 | J1720: =VLOOKUP(A1720,'SPENDCAT By Product'!A:B,2,0) -> NON022005
... A1758: SEC01 | B1758: 75000 | C1758: 77200 | D1758: Security - Property | E1758: 52299 | F1758: LVP SUPPLIER | G1758: P | H1758: 0 | I1758: 299 | J1758: =VLOOKUP(A1758,'SPENDCAT By Product'!A:B,2,0) -> SEC028004
B1759: 90000 | C1759: 90200 | D1759: Overdraft interest & financial charges | E1759: 7111 | F1759: ELAVON | G1759: P | H1759: 0 | I1759: 276.51 | J1759: =VLOOKUP(A1759,'SPENDCAT By Product'!A:B,2,0) -> #N/A
A1760: Z140122 | B1760: 70000 | C1760: 70000 | D1760: Materials | E1760: 52299 | F1760: LVP SUPPLIER | G1760: P | H1760: 0 | I1760: 276.33 | J1760: =VLOOKUP(A1760,'SPENDCAT By Product'!A:B,2,0) -> EQR011001
A1761: BLD54 | B1761: 70000 | C1761: 70000 | D1761: Materials | E1761: 52299 | F1761: LVP SUPPLIER | G1761: P | H1761: 0 | I1761: 272.6 | J1761: =VLOOKUP(A1761,'SPENDCAT By Product'!A:B,2,0) -> MWS020009
A1762: BLD12 | B1762: 70000 | C1762: 70000 | D1762: Materials | E1762: 52299 | F1762: LVP SUPPLIER | G1762: P | H1762: 0 | I1762: 272.12 | J1762: =VLOOKUP(A1762,'SPENDCAT By Product'!A:B,2,0) -> MWS020019
A1763: Z070025 | B1763: 70000 | C1763: 70000 | D1763: Materials | E1763: 52299 | F1763: LVP SUPPLIER | G1763: P | H1763: 0 | I1763: 262.27 | J1763: =VLOOKUP(A1763,'SPENDCAT By Product'!A:B,2,0) -> EQP010009
A1764: OFF16 | B1764: 99000 | C1764: 99000 | D1764: Miscellaneous Expenses | E1764: 52299 | F1764: LVP SUPPLIER | G1764: P | H1764: 0 | I1764: 250 | J1764: =VLOOKUP(A1764,'SPENDCAT By Product'!A:B,2,0) -> OFF023019
A1765: HS040 | B1765: 65700 | C1765: 68000 | D1765: Non-Capital Equip Purchase - Office Equip/Furn | E1765: 52299 | F1765: LVP SUPPLIER | G1765: P | H1765: 0 | I1765: 236.31 | J1765: =VLOOKUP(A1765,'SPENDCAT By Product'!A:B,2,0) -> #N/A
A1766: BLD06 | B1766: 70000 | C1766: 70000 | D1766: Materials | E1766: 52299 | F1766: LVP SUPPLIER | G1766: P | H1766: 0 | I1766: 233.99 | J1766: =VLOOKUP(A1766,'SPENDCAT By Product'!A:B,2,0) -> MWS020008
A1767: BLD11 | B1767: 70000 | C1767: 70000 | D1767: Materials | E1767: 52299 | F1767: LVP SUPPLIER | G1767: P | H1767: 0 | I1767: 227.65 | J1767: =VLOOKUP(A1767,'SPENDCAT By Product'!A:B,2,0) -> MWS020005
A1768: OFEQ28 | B1768: 70000 | C1768: 70000 | D1768: Materials | E1768: 52299 | F1768: LVP SUPPLIER | G1768: P | H1768: 0 | I1768: 225.99 | J1768: =VLOOKUP(A1768,'SPENDCAT By Product'!A:B,2,0) -> OFF023019
A1769: PLH64 | B1769: 69400 | C1769: 69000 | D1769: Hire (Ext) - Plant/Transport/Machinery & Equipment | E1769: 52299 | F1769: LVP SUPPLIER | G1769: P | H1769: 0 | I1769: 225 | J1769: =VLOOKUP(A1769,'SPENDCAT By Product'!A:B,2,0) -> PLH024081
A1770: BLD70 | B1770: 70000 | C1770: 70000 | D1770: Materials | E1770: 52299 | F1770: LVP SUPPLIER | G1770: P | H1770: 0 | I1770: 221.58 | J1770: =VLOOKUP(A1770,'SPENDCAT By Product'!A:B,2,0) -> MWS020019
A1771: MYD08 | B1771: 69100 | C1771: 69200 | D1771: Repairs & Maint - Plant | E1771: 52299 | F1771: LVP SUPPLIER | G1771: P | H1771: 0 | I1771: 220 | J1771: =VLOOKUP(A1771,'SPENDCAT By Product'!A:B,2,0) -> EQR011001
... A1795: ENG10 | B1795: 86000 | C1795: 86000 | D1795: Energy / Utilities | E1795: 52299 | F1795: LVP SUPPLIER | G1795: P | H1795: 0 | I1795: 146.99 | J1795: =VLOOKUP(A1795,'SPENDCAT By Product'!A:B,2,0) -> GAS035002
B1796: 99999 | C1796: 99999 | D1796: AGRESSO SYSTEM ACCOUNT | E1796: 43340 | G1796: P | H1796: 0 | I1796: 145.77 | J1796: =VLOOKUP(A1796,'SPENDCAT By Product'!A:B,2,0) -> #N/A
B1797: 99999 | C1797: 99999 | D1797: AGRESSO SYSTEM ACCOUNT | E1797: 45717 | G1797: P | H1797: 0 | I1797: 145.77 | J1797: =VLOOKUP(A1797,'SPENDCAT By Product'!A:B,2,0) -> #N/A
A1798: ASP03 | B1798: 74900 | C1798: 71550 | D1798: Library Book Purchases | E1798: 52299 | F1798: LVP SUPPLIER | G1798: P | H1798: 0 | I1798: 145 | J1798: =VLOOKUP(A1798,'SPENDCAT By Product'!A:B,2,0) -> LIB026002
A1799: CDEF19 | B1799: 69100 | C1799: 69600 | D1799: Other Vehicle Expenses | E1799: 52299 | F1799: LVP SUPPLIER | G1799: P | H1799: 0 | I1799: 143.41 | J1799: =VLOOKUP(A1799,'SPENDCAT By Product'!A:B,2,0) -> #N/A
A1800: ENG14 | B1800: 86000 | C1800: 86000 | D1800: Energy / Utilities | E1800: 52299 | F1800: LVP SUPPLIER | G1800: P | H1800: 0 | I1800: 141.94 | J1800: =VLOOKUP(A1800,'SPENDCAT By Product'!A:B,2,0) -> GAS035002
A1801: FURN02 | B1801: 65700 | C1801: 68500 | D1801: Non-Capital Equip Purchase - Other | E1801: 52299 | F1801: LVP SUPPLIER | G1801: P | H1801: 0 | I1801: 140.22 | J1801: =VLOOKUP(A1801,'SPENDCAT By Product'!A:B,2,0) -> MWS020018
A1802: Z140002 | B1802: 70000 | C1802: 70000 | D1802: Materials | E1802: 52299 | F1802: LVP SUPPLIER | G1802: P | H1802: 0 | I1802: 139.42 | J1802: =VLOOKUP(A1802,'SPENDCAT By Product'!A:B,2,0) -> MWS020004
A1803: Z140132 | B1803: 70000 | C1803: 70000 | D1803: Materials | E1803: 52299 | F1803: LVP SUPPLIER | G1803: P | H1803: 0 | I1803: 137.4 | J1803: =VLOOKUP(A1803,'SPENDCAT By Product'!A:B,2,0) -> EQR011001
A1804: BLD47 | B1804: 70000 | C1804: 70000 | D1804: Materials | E1804: 52299 | F1804: LVP SUPPLIER | G1804: P | H1804: 0 | I1804: 135 | J1804: =VLOOKUP(A1804,'SPENDCAT By Product'!A:B,2,0) -> MWS020018
A1805: OFEQ29 | B1805: 70000 | C1805: 70000 | D1805: Materials | E1805: 52299 | F1805: LVP SUPPLIER | G1805: P | H1805: 0 | I1805: 130 | J1805: =VLOOKUP(A1805,'SPENDCAT By Product'!A:B,2,0) -> OFF023019
A1806: Z060050 | B1806: 70000 | C1806: 70000 | D1806: Materials | E1806: 52299 | F1806: LVP SUPPLIER | G1806: P | H1806: 0 | I1806: 130 | J1806: =VLOOKUP(A1806,'SPENDCAT By Product'!A:B,2,0) -> MWS020016
A1807: Z030007 | B1807: 70000 | C1807: 70000 | D1807: Materials | E1807: 52299 | F1807: LVP SUPPLIER | G1807: P | H1807: 0 | I1807: 123.8 | J1807: =VLOOKUP(A1807,'SPENDCAT By Product'!A:B,2,0) -> HNS014007
A1808: Z070023 | B1808: 70000 | C1808: 70000 | D1808: Materials | E1808: 52299 | F1808: LVP SUPPLIER | G1808: P | H1808: 0 | I1808: 123.15 | J1808: =VLOOKUP(A1808,'SPENDCAT By Product'!A:B,2,0) -> EQP010009
A1809: PLH516 | B1809: 69400 | C1809: 69000 | D1809: Hire (Ext) - Plant/Transport/Machinery & Equipment | E1809: 52299 | F1809: LVP SUPPLIER | G1809: P | H1809: 0 | I1809: 123 | J1809: =VLOOKUP(A1809,'SPENDCAT By Product'!A:B,2,0) -> PLH024029
B1810: 91150 | C1810: 91200 | D1810: Prompt Payment Interest | E1810: 19171 | F1810: JAMES H NORTH & CO LTD | G1810: P | H1810: 0 | I1810: 122.57 | J1810: =VLOOKUP(A1810,'SPENDCAT By Product'!A:B,2,0) -> #N/A
A1811: Z140133 | B1811: 70000 | C1811: 70000 | D1811: Materials | E1811: 52299 | F1811: LVP SUPPLIER | G1811: P | H1811: 0 | I1811: 114.14 | J1811: =VLOOKUP(A1811,'SPENDCAT By Product'!A:B,2,0) -> HNS014004
A1812: IT14 | B1812: 81000 | C1812: 81000 | D1812: Printing & Office Consumables | E1812: 52299 | F1812: LVP SUPPLIER | G1812: P | H1812: 0 | I1812: 112.05 | J1812: =VLOOKUP(A1812,'SPENDCAT By Product'!A:B,2,0) -> OFF023015
A1813: Z070028 | B1813: 70000 | C1813: 70000 | D1813: Materials | E1813: 52299 | F1813: LVP SUPPLIER | G1813: P | H1813: 0 | I1813: 111.89 | J1813: =VLOOKUP(A1813,'SPENDCAT By Product'!A:B,2,0) -> MWS020019
A1814: FEN24 | B1814: 70000 | C1814: 70000 | D1814: Materials | E1814: 52299 | F1814: LVP SUPPLIER | G1814: P | H1814: 0 | I1814: 107.54 | J1814: =VLOOKUP(A1814,'SPENDCAT By Product'!A:B,2,0) -> MWS020017
A1815: POS03 | B1815: 76000 | C1815: 76100 | D1815: Postage | E1815: 52299 | F1815: LVP SUPPLIER | G1815: P | H1815: 0 | I1815: 106.85 | J1815: =VLOOKUP(A1815,'SPENDCAT By Product'!A:B,2,0) -> OFF023011
A1816: CAN04 | B1816: 85200 | C1816: 85300 | D1816: Canteen | E1816: 52299 | F1816: LVP SUPPLIER | G1816: P | H1816: 0 | I1816: 105.9 | J1816: =VLOOKUP(A1816,'SPENDCAT By Product'!A:B,2,0) -> FAC012004
A1817: ENV01 | B1817: 65700 | C1817: 68500 | D1817: Non-Capital Equip Purchase - Other | E1817: 52299 | F1817: LVP SUPPLIER | G1817: P | H1817: 0 | I1817: 105.15 | J1817: =VLOOKUP(A1817,'SPENDCAT By Product'!A:B,2,0) -> #N/A
A1818: BLD64 | B1818: 70000 | C1818: 70000 | D1818: Materials | E1818: 52299 | F1818: LVP SUPPLIER | G1818: P | H1818: 0 | I1818: 105.12 | J1818: =VLOOKUP(A1818,'SPENDCAT By Product'!A:B,2,0) -> MWS020018
A1819: OFF13 | B1819: 85200 | C1819: 85200 | D1819: Cleaning | E1819: 52299 | F1819: LVP SUPPLIER | G1819: P | H1819: 0 | I1819: 104.93 | J1819: =VLOOKUP(A1819,'SPENDCAT By Product'!A:B,2,0) -> FAC012006
A1820: Z030024 | B1820: 70000 | C1820: 70000 | D1820: Materials | E1820: 52299 | F1820: LVP SUPPLIER | G1820: P | H1820: 0 | I1820: 94.95 | J1820: =VLOOKUP(A1820,'SPENDCAT By Product'!A:B,2,0) -> HNS014007
A1821: FEN08 | B1821: 70000 | C1821: 70000 | D1821: Materials | E1821: 52299 | F1821: LVP SUPPLIER | G1821: P | H1821: 0 | I1821: 94.7 | J1821: =VLOOKUP(A1821,'SPENDCAT By Product'!A:B,2,0) -> #N/A
A1822: ENV02 | B1822: 76000 | C1822: 76100 | D1822: Postage | E1822: 52299 | F1822: LVP SUPPLIER | G1822: P | H1822: 0 | I1822: 94 | J1822: =VLOOKUP(A1822,'SPENDCAT By Product'!A:B,2,0) -> #N/A
... A1832: Z080001 | B1832: 70000 | C1832: 70000 | D1832: Materials | E1832: 52299 | F1832: LVP SUPPLIER | G1832: P | H1832: 0 | I1832: 84.5 | J1832: =VLOOKUP(A1832,'SPENDCAT By Product'!A:B,2,0) -> EQR011001
B1833: 91150 | C1833: 91200 | D1833: Prompt Payment Interest | E1833: 2658 | F1833: ISS IRELAND LTD T/A ISS FACILITY SERVICES | G1833: P | H1833: 0 | I1833: 82.55 | J1833: =VLOOKUP(A1833,'SPENDCAT By Product'!A:B,2,0) -> #N/A
A1834: HOR03 | B1834: 70000 | C1834: 70000 | D1834: Materials | E1834: 52299 | F1834: LVP SUPPLIER | G1834: P | H1834: 0 | I1834: 80 | J1834: =VLOOKUP(A1834,'SPENDCAT By Product'!A:B,2,0) -> MWS020017
A1835: COM06 | B1835: 76000 | C1835: 76000 | D1835: Communication Expenses | E1835: 52299 | F1835: LVP SUPPLIER | G1835: P | H1835: 0 | I1835: 80 | J1835: =VLOOKUP(A1835,'SPENDCAT By Product'!A:B,2,0) -> TEL030003
...

Sheet PROC_ Purchase Orders Workings
A1: Acgrp2 | B1: Acc element | C1: Acc element(T) | D1: Ap/Ar ID | E1: Ap/Ar ID(T) | F1: Accounts Payable or Accounts Rec | G1: EURO | H1: OrderNo | I1: SPEND CAT | J1: DESC | L1: IF DIFFER CHECK PO | M1: OK/PROVIDE REASON
A2: 69300 | B2: 69300 | C2: Capital Contracts Expenditure | D2: 6312 | E2: JONS CIVIL ENGINEERING CO LTD | F2: P | G2: 933295.79 | H2: 400226014 | I2: =VLOOKUP(H2,'ORDER WITH PRODUCT'!H:J,3,0) -> CWK006005 | J2: =VLOOKUP(I2,'SPENDCAT By Product'!B:C,2,0) -> Other Contracts (Works) | K2: =VLOOKUP(H2,'ORDER WITH PRODUCT'!H:J,2,0) -> 933295.79 | L2: =G2-K2 -> 0
A3: 69300 | B3: 69300 | C3: Capital Contracts Expenditure | D3: 6312 | E3: JONS CIVIL ENGINEERING CO LTD | F3: P | G3: 756855.46 | H3: 400226015 | I3: =VLOOKUP(H3,'ORDER WITH PRODUCT'!H:J,3,0) -> CWK006005 | J3: =VLOOKUP(I3,'SPENDCAT By Product'!B:C,2,0) -> Other Contracts (Works) | K3: =VLOOKUP(H3,'ORDER WITH PRODUCT'!H:J,2,0) -> 756855.46 | L3: =G3-K3 -> 0
A4: 69300 | B4: 69300 | C4: Capital Contracts Expenditure | D4: 6312 | E4: JONS CIVIL ENGINEERING CO LTD | F4: P | G4: 361818.32 | H4: 400224826 | I4: =VLOOKUP(H4,'ORDER WITH PRODUCT'!H:J,3,0) -> CWK006005 | J4: =VLOOKUP(I4,'SPENDCAT By Product'!B:C,2,0) -> Other Contracts (Works) | K4: =VLOOKUP(H4,'ORDER WITH PRODUCT'!H:J,2,0) -> 361818.32 | L4: =G4-K4 -> 0
A5: 69300 | B5: 65500 | C5: Minor Contracts- Trade Services & other works | D5: 722597 | E5: BREEDON SURFACING SOLUTIONS IRELAND LIMITED | F5: P | G5: 179497.25 | H5: 400226051 | I5: =VLOOKUP(H5,'ORDER WITH PRODUCT'!H:J,3,0) -> CWK006003 | J5: =VLOOKUP(I5,'SPENDCAT By Product'!B:C,2,0) -> Roads Works Contracts | K5: =VLOOKUP(H5,'ORDER WITH PRODUCT'!H:J,2,0) -> 91849.14 | L5: =G5-K5 -> 87648.11 | M5: ok brings in larger product code
A6: 69300 | B6: 65500 | C6: Minor Contracts- Trade Services & other works | D6: 17804 | E6: WINCOVE CONSTRUCTION LTD | F6: P | G6: 177253.76 | H6: 400223246 | I6: =VLOOKUP(H6,'ORDER WITH PRODUCT'!H:J,3,0) -> CWK006003 | J6: =VLOOKUP(I6,'SPENDCAT By Product'!B:C,2,0) -> Roads Works Contracts | K6: =VLOOKUP(H6,'ORDER WITH PRODUCT'!H:J,2,0) -> 177253.76 | L6: =G6-K6 -> 0
A7: 65700 | B7: 13200 | C7: Purchase of Class B Fire Appliance | D7: 1140 | E7: SIDHEAN TEO | F7: P | G7: 137707.75 | H7: 400225427 | I7: =VLOOKUP(H7,'ORDER WITH PRODUCT'!H:J,3,0) -> EQP010005 | J7: =VLOOKUP(I7,'SPENDCAT By Product'!B:C,2,0) -> Purchase of Attachments for Tractors & Other Plant | K7: =VLOOKUP(H7,'ORDER WITH PRODUCT'!H:J,2,0) -> 137707.75 | L7: =G7-K7 -> 0
A8: 69300 | B8: 65500 | C8: Minor Contracts- Trade Services & other works | D8: 17804 | E8: WINCOVE CONSTRUCTION LTD | F8: P | G8: 133501.51 | H8: 400223265 | I8: =VLOOKUP(H8,'ORDER WITH PRODUCT'!H:J,3,0) -> CWK006003 | J8: =VLOOKUP(I8,'SPENDCAT By Product'!B:C,2,0) -> Roads Works Contracts | K8: =VLOOKUP(H8,'ORDER WITH PRODUCT'!H:J,2,0) -> 133501.51 | L8: =G8-K8 -> 0
A9: 69300 | B9: 65500 | C9: Minor Contracts- Trade Services & other works | D9: 722597 | E9: BREEDON SURFACING SOLUTIONS IRELAND LIMITED | F9: P | G9: 133246.45 | H9: 400225443 | I9: =VLOOKUP(H9,'ORDER WITH PRODUCT'!H:J,3,0) -> CWK006003 | J9: =VLOOKUP(I9,'SPENDCAT By Product'!B:C,2,0) -> Roads Works Contracts | K9: =VLOOKUP(H9,'ORDER WITH PRODUCT'!H:J,2,0) -> 93557.77 | L9: =G9-K9 -> 39688.68 | M9: ok brings in larger product code
A10: 69300 | B10: 65500 | C10: Minor Contracts- Trade Services & other works | D10: 17804 | E10: WINCOVE CONSTRUCTION LTD | F10: P | G10: 131851.28 | H10: 400223260 | I10: =VLOOKUP(H10,'ORDER WITH PRODUCT'!H:J,3,0) -> CWK006003 | J10: =VLOOKUP(I10,'SPENDCAT By Product'!B:C,2,0) -> Roads Works Contracts | K10: =VLOOKUP(H10,'ORDER WITH PRODUCT'!H:J,2,0) -> 131851.28 | L10: =G10-K10 -> 0
A11: 79000 | B11: 79900 | C11: Consultancy/Professional Fees and Expenses | D11: 19311 | E11: VAN DIJK ARCHITECTS LTDD | F11: P | G11: 131737.92 | H11: 400225517 | I11: =VLOOKUP(H11,'ORDER WITH PRODUCT'!H:J,3,0) -> CPS004006 | J11: =VLOOKUP(I11,'SPENDCAT By Product'!B:C,2,0) -> Architectural Consultancy | K11: =VLOOKUP(H11,'ORDER WITH PRODUCT'!H:J,2,0) -> 131737.92 | L11: =G11-K11 -> 0
A12: 69300 | B12: 65500 | C12: Minor Contracts- Trade Services & other works | D12: 17804 | E12: WINCOVE CONSTRUCTION LTD | F12: P | G12: 131100.24 | H12: 400223264 | I12: =VLOOKUP(H12,'ORDER WITH PRODUCT'!H:J,3,0) -> CWK006003 | J12: =VLOOKUP(I12,'SPENDCAT By Product'!B:C,2,0) -> Roads Works Contracts | K12: =VLOOKUP(H12,'ORDER WITH PRODUCT'!H:J,2,0) -> 131100.24 | L12: =G12-K12 -> 0
A13: 69300 | B13: 65500 | C13: Minor Contracts- Trade Services & other works | D13: 17804 | E13: WINCOVE CONSTRUCTION LTD | F13: P | G13: 125156.84 | H13: 400223252 | I13: =VLOOKUP(H13,'ORDER WITH PRODUCT'!H:J,3,0) -> CWK006003 | J13: =VLOOKUP(I13,'SPENDCAT By Product'!B:C,2,0) -> Roads Works Contracts | K13: =VLOOKUP(H13,'ORDER WITH PRODUCT'!H:J,2,0) -> 125156.84 | L13: =G13-K13 -> 0
A14: 79000 | B14: 79900 | C14: Consultancy/Professional Fees and Expenses | D14: 17995 | E14: MOSART LANDSCAPE ARCHITECTURE RESEARCH LTD | F14: P | G14: 120464.3 | H14: 400225083 | I14: =VLOOKUP(H14,'ORDER WITH PRODUCT'!H:J,3,0) -> CPS004006 | J14: =VLOOKUP(I14,'SPENDCAT By Product'!B:C,2,0) -> Architectural Consultancy | K14: =VLOOKUP(H14,'ORDER WITH PRODUCT'!H:J,2,0) -> 120464.3 | L14: =G14-K14 -> 0
A15: 69300 | B15: 69300 | C15: Capital Contracts Expenditure | D15: 17278 | E15: CROSSERLOUGH CONSTRUCTION LTD | F15: P | G15: 119072.11 | H15: 400225959 | I15: =VLOOKUP(H15,'ORDER WITH PRODUCT'!H:J,3,0) -> CWK006005 | J15: =VLOOKUP(I15,'SPENDCAT By Product'!B:C,2,0) -> Other Contracts (Works) | K15: =VLOOKUP(H15,'ORDER WITH PRODUCT'!H:J,2,0) -> 119072.11 | L15: =G15-K15 -> 0
A16: 69300 | B16: 65500 | C16: Minor Contracts- Trade Services & other works | D16: 722597 | E16: BREEDON SURFACING SOLUTIONS IRELAND LIMITED | F16: P | G16: 117793.93 | H16: 400225130 | I16: =VLOOKUP(H16,'ORDER WITH PRODUCT'!H:J,3,0) -> CWK006003 | J16: =VLOOKUP(I16,'SPENDCAT By Product'!B:C,2,0) -> Roads Works Contracts | K16: =VLOOKUP(H16,'ORDER WITH PRODUCT'!H:J,2,0) -> 97772.53 | L16: =G16-K16 -> 20021.4 | M16: Brings in larger product code
A17: 69300 | B17: 65500 | C17: Minor Contracts- Trade Services & other works | D17: 17804 | E17: WINCOVE CONSTRUCTION LTD | F17: P | G17: 105267.83 | H17: 400223247 | I17: =VLOOKUP(H17,'ORDER WITH PRODUCT'!H:J,3,0) -> CWK006003 | J17: =VLOOKUP(I17,'SPENDCAT By Product'!B:C,2,0) -> Roads Works Contracts | K17: =VLOOKUP(H17,'ORDER WITH PRODUCT'!H:J,2,0) -> 105267.83 | L17: =G17-K17 -> 0
A18: 79000 | B18: 79900 | C18: Consultancy/Professional Fees and Expenses | D18: 14126 | E18: OVE ARUP & PARTNERS IRELAND LTD | F18: P | G18: 101179.8 | H18: 400225518 | I18: =VLOOKUP(H18,'ORDER WITH PRODUCT'!H:J,3,0) -> CPS004010 | J18: =VLOOKUP(I18,'SPENDCAT By Product'!B:C,2,0) -> Civil Engineering Consultancy | K18: =VLOOKUP(H18,'ORDER WITH PRODUCT'!H:J,2,0) -> 101179.8 | L18: =G18-K18 -> 0
A19: 69300 | B19: 69300 | C19: Capital Contracts Expenditure | D19: 18684 | E19: GANNON & MC NAMARA ELECTRICAL LTD | F19: P | G19: 96922.85 | H19: 400225904 | I19: =VLOOKUP(H19,'ORDER WITH PRODUCT'!H:J,3,0) -> CWK006002 | J19: =VLOOKUP(I19,'SPENDCAT By Product'!B:C,2,0) -> Housing & Building Works Contracts | K19: =VLOOKUP(H19,'ORDER WITH PRODUCT'!H:J,2,0) -> 96922.85 | L19: =G19-K19 -> 0
A20: 69300 | B20: 69300 | C20: Capital Contracts Expenditure | D20: 16748 | E20: SAMMON DEVELOPMENTS (AUGHNASHEELIN) LTD | F20: P | G20: 94798.8 | H20: 400224577 | I20: =VLOOKUP(H20,'ORDER WITH PRODUCT'!H:J,3,0) -> CWK006005 | J20: =VLOOKUP(I20,'SPENDCAT By Product'!B:C,2,0) -> Other Contracts (Works) | K20: =VLOOKUP(H20,'ORDER WITH PRODUCT'!H:J,2,0) -> 94798.8 | L20: =G20-K20 -> 0
A21: 69300 | B21: 65500 | C21: Minor Contracts- Trade Services & other works | D21: 17804 | E21: WINCOVE CONSTRUCTION LTD | F21: P | G21: 94067.32 | H21: 400224728 | I21: =VLOOKUP(H21,'ORDER WITH PRODUCT'!H:J,3,0) -> CWK006003 | J21: =VLOOKUP(I21,'SPENDCAT By Product'!B:C,2,0) -> Roads Works Contracts | K21: =VLOOKUP(H21,'ORDER WITH PRODUCT'!H:J,2,0) -> 94067.32 | L21: =G21-K21 -> 0
A22: 69300 | B22: 69300 | C22: Capital Contracts Expenditure | D22: 16748 | E22: SAMMON DEVELOPMENTS (AUGHNASHEELIN) LTD | F22: P | G22: 93880.17 | H22: 400226172 | I22: =VLOOKUP(H22,'ORDER WITH PRODUCT'!H:J,3,0) -> CWK006002 | J22: =VLOOKUP(I22,'SPENDCAT By Product'!B:C,2,0) -> Housing & Building Works Contracts | K22: =VLOOKUP(H22,'ORDER WITH PRODUCT'!H:J,2,0) -> 93880.17 | L22: =G22-K22 -> 0
A23: 69300 | B23: 65500 | C23: Minor Contracts- Trade Services & other works | D23: 722597 | E23: BREEDON SURFACING SOLUTIONS IRELAND LIMITED | F23: P | G23: 93072.67 | H23: 400224800 | I23: =VLOOKUP(H23,'ORDER WITH PRODUCT'!H:J,3,0) -> CWK006003 | J23: =VLOOKUP(I23,'SPENDCAT By Product'!B:C,2,0) -> Roads Works Contracts | K23: =VLOOKUP(H23,'ORDER WITH PRODUCT'!H:J,2,0) -> 74920.61 | L23: =G23-K23 -> 18152.06 | M23: Brings in larger product code
A24: 69300 | B24: 69300 | C24: Capital Contracts Expenditure | D24: 19368 | E24: EAMONN FARRELL CARPENTRY & CONSTRUCTION LTD | F24: P | G24: 92028.65 | H24: 400225733 | I24: =VLOOKUP(H24,'ORDER WITH PRODUCT'!H:J,3,0) -> CWK006002 | J24: =VLOOKUP(I24,'SPENDCAT By Product'!B:C,2,0) -> Housing & Building Works Contracts | K24: =VLOOKUP(H24,'ORDER WITH PRODUCT'!H:J,2,0) -> 92028.65 | L24: =G24-K24 -> 0
A25: 69300 | B25: 65500 | C25: Minor Contracts- Trade Services & other works | D25: 722597 | E25: BREEDON SURFACING SOLUTIONS IRELAND LIMITED | F25: P | G25: 91130.97 | H25: 400225444 | I25: =VLOOKUP(H25,'ORDER WITH PRODUCT'!H:J,3,0) -> CWK006003 | J25: =VLOOKUP(I25,'SPENDCAT By Product'!B:C,2,0) -> Roads Works Contracts | K25: =VLOOKUP(H25,'ORDER WITH PRODUCT'!H:J,2,0) -> 63124.84 | L25: =G25-K25 -> 28006.13 | M25: Brings in larger product code
A26: 69300 | B26: 65500 | C26: Minor Contracts- Trade Services & other works | D26: 17804 | E26: WINCOVE CONSTRUCTION LTD | F26: P | G26: 86938.73 | H26: 400225327 | I26: =VLOOKUP(H26,'ORDER WITH PRODUCT'!H:J,3,0) -> CWK006003 | J26: =VLOOKUP(I26,'SPENDCAT By Product'!B:C,2,0) -> Roads Works Contracts | K26: =VLOOKUP(H26,'ORDER WITH PRODUCT'!H:J,2,0) -> 86938.73 | L26: =G26-K26 -> 0
A27: 69300 | B27: 65500 | C27: Minor Contracts- Trade Services & other works | D27: 722597 | E27: BREEDON SURFACING SOLUTIONS IRELAND LIMITED | F27: P | G27: 82594.91 | H27: 400225532 | I27: =VLOOKUP(H27,'ORDER WITH PRODUCT'!H:J,3,0) -> CWK006003 | J27: =VLOOKUP(I27,'SPENDCAT By Product'!B:C,2,0) -> Roads Works Contracts | K27: =VLOOKUP(H27,'ORDER WITH PRODUCT'!H:J,2,0) -> 63334.53 | L27: =G27-K27 -> 19260.38 | M27: Brings in larger product code
A28: 69300 | B28: 69300 | C28: Capital Contracts Expenditure | D28: 17278 | E28: CROSSERLOUGH CONSTRUCTION LTD | F28: P | G28: 82329.88 | H28: 400225236 | I28: =VLOOKUP(H28,'ORDER WITH PRODUCT'!H:J,3,0) -> CWK006005 | J28: =VLOOKUP(I28,'SPENDCAT By Product'!B:C,2,0) -> Other Contracts (Works) | K28: =VLOOKUP(H28,'ORDER WITH PRODUCT'!H:J,2,0) -> 82329.88 | L28: =G28-K28 -> 0
A29: 69300 | B29: 65500 | C29: Minor Contracts- Trade Services & other works | D29: 17804 | E29: WINCOVE CONSTRUCTION LTD | F29: P | G29: 80810.77 | H29: 400223238 | I29: =VLOOKUP(H29,'ORDER WITH PRODUCT'!H:J,3,0) -> CWK006003 | J29: =VLOOKUP(I29,'SPENDCAT By Product'!B:C,2,0) -> Roads Works Contracts | K29: =VLOOKUP(H29,'ORDER WITH PRODUCT'!H:J,2,0) -> 80810.77 | L29: =G29-K29 -> 0
A30: 69300 | B30: 65500 | C30: Minor Contracts- Trade Services & other works | D30: 722597 | E30: BREEDON SURFACING SOLUTIONS IRELAND LIMITED | F30: P | G30: 76707.73 | H30: 400225128 | I30: =VLOOKUP(H30,'ORDER WITH PRODUCT'!H:J,3,0) -> CWK006003 | J30: =VLOOKUP(I30,'SPENDCAT By Product'!B:C,2,0) -> Roads Works Contracts | K30: =VLOOKUP(H30,'ORDER WITH PRODUCT'!H:J,2,0) -> 48769.7 | L30: =G30-K30 -> 27938.03 | M30: Brings in larger product code
A31: 79000 | B31: 79900 | C31: Consultancy/Professional Fees and Expenses | D31: 14126 | E31: OVE ARUP & PARTNERS IRELAND LTD | F31: P | G31: 75599.23 | H31: 400225435 | I31: =VLOOKUP(H31,'ORDER WITH PRODUCT'!H:J,3,0) -> CPS004010 | J31: =VLOOKUP(I31,'SPENDCAT By Product'!B:C,2,0) -> Civil Engineering Consultancy | K31: =VLOOKUP(H31,'ORDER WITH PRODUCT'!H:J,2,0) -> 75599.23 | L31: =G31-K31 -> 0
A32: 69300 | B32: 65500 | C32: Minor Contracts- Trade Services & other works | D32: 10599 | E32: PAUL GALLAGHER T/A GALLAGHER CONSTRUCTION LTD | F32: P | G32: 75466.15 | H32: 400224320 | I32: =VLOOKUP(H32,'ORDER WITH PRODUCT'!H:J,3,0) -> CWK006002 | J32: =VLOOKUP(I32,'SPENDCAT By Product'!B:C,2,0) -> Housing & Building Works Contracts | K32: =VLOOKUP(H32,'ORDER WITH PRODUCT'!H:J,2,0) -> 75466.15 | L32: =G32-K32 -> 0
A33: 69300 | B33: 65500 | C33: Minor Contracts- Trade Services & other works | D33: 10599 | E33: PAUL GALLAGHER T/A GALLAGHER CONSTRUCTION LTD | F33: P | G33: 75465.02 | H33: 400224640 | I33: =VLOOKUP(H33,'ORDER WITH PRODUCT'!H:J,3,0) -> CWK006002 | J33: =VLOOKUP(I33,'SPENDCAT By Product'!B:C,2,0) -> Housing & Building Works Contracts | K33: =VLOOKUP(H33,'ORDER WITH PRODUCT'!H:J,2,0) -> 75465.02 | L33: =G33-K33 -> 0
A34: 69300 | B34: 65500 | C34: Minor Contracts- Trade Services & other works | D34: 17804 | E34: WINCOVE CONSTRUCTION LTD | F34: P | G34: 75290.59 | H34: 400223243 | I34: =VLOOKUP(H34,'ORDER WITH PRODUCT'!H:J,3,0) -> CWK006003 | J34: =VLOOKUP(I34,'SPENDCAT By Product'!B:C,2,0) -> Roads Works Contracts | K34: =VLOOKUP(H34,'ORDER WITH PRODUCT'!H:J,2,0) -> 75290.59 | L34: =G34-K34 -> 0
A35: 69300 | B35: 65500 | C35: Minor Contracts- Trade Services & other works | D35: 17804 | E35: WINCOVE CONSTRUCTION LTD | F35: P | G35: 74794.49 | H35: 400223240 | I35: =VLOOKUP(H35,'ORDER WITH PRODUCT'!H:J,3,0) -> CWK006003 | J35: =VLOOKUP(I35,'SPENDCAT By Product'!B:C,2,0) -> Roads Works Contracts | K35: =VLOOKUP(H35,'ORDER WITH PRODUCT'!H:J,2,0) -> 74794.49 | L35: =G35-K35 -> 0
A36: 69300 | B36: 65500 | C36: Minor Contracts- Trade Services & other works | D36: 722597 | E36: BREEDON SURFACING SOLUTIONS IRELAND LIMITED | F36: P | G36: 74504.98 | H36: 400225129 | I36: =VLOOKUP(H36,'ORDER WITH PRODUCT'!H:J,3,0) -> CWK006003 | J36: =VLOOKUP(I36,'SPENDCAT By Product'!B:C,2,0) -> Roads Works Contracts | K36: =VLOOKUP(H36,'ORDER WITH PRODUCT'!H:J,2,0) -> 45851.9 | L36: =G36-K36 -> 28653.08 | M36: Brings in larger product code
A37: 69300 | B37: 65500 | C37: Minor Contracts- Trade Services & other works | D37: 722597 | E37: BREEDON SURFACING SOLUTIONS IRELAND LIMITED | F37: P | G37: 72717.12 | H37: 400224813 | I37: =VLOOKUP(H37,'ORDER WITH PRODUCT'!H:J,3,0) -> CWK006003 | J37: =VLOOKUP(I37,'SPENDCAT By Product'!B:C,2,0) -> Roads Works Contracts | K37: =VLOOKUP(H37,'ORDER WITH PRODUCT'!H:J,2,0) -> 60969.87 | L37: =G37-K37 -> 11747.25 | M37: Brings in larger product code
A38: 69300 | B38: 65500 | C38: Minor Contracts- Trade Services & other works | D38: 17804 | E38: WINCOVE CONSTRUCTION LTD | F38: P | G38: 72396.69 | H38: 400223251 | I38: =VLOOKUP(H38,'ORDER WITH PRODUCT'!H:J,3,0) -> CWK006003 | J38: =VLOOKUP(I38,'SPENDCAT By Product'!B:C,2,0) -> Roads Works Contracts | K38: =VLOOKUP(H38,'ORDER WITH PRODUCT'!H:J,2,0) -> 72396.69 | L38: =G38-K38 -> 0
A39: 69300 | B39: 65500 | C39: Minor Contracts- Trade Services & other works | D39: 17804 | E39: WINCOVE CONSTRUCTION LTD | F39: P | G39: 71552.42 | H39: 400223234 | I39: =VLOOKUP(H39,'ORDER WITH PRODUCT'!H:J,3,0) -> CWK006003 | J39: =VLOOKUP(I39,'SPENDCAT By Product'!B:C,2,0) -> Roads Works Contracts | K39: =VLOOKUP(H39,'ORDER WITH PRODUCT'!H:J,2,0) -> 71552.42 | L39: =G39-K39 -> 0
A40: 79000 | B40: 79900 | C40: Consultancy/Professional Fees and Expenses | D40: 17995 | E40: MOSART LANDSCAPE ARCHITECTURE RESEARCH LTD | F40: P | G40: 60222.1 | H40: 400226129 | I40: =VLOOKUP(H40,'ORDER WITH PRODUCT'!H:J,3,0) -> CPS004006 | J40: =VLOOKUP(I40,'SPENDCAT By Product'!B:C,2,0) -> Architectural Consultancy | K40: =VLOOKUP(H40,'ORDER WITH PRODUCT'!H:J,2,0) -> 60222.1 | L40: =G40-K40 -> 0
A41: 69300 | B41: 69300 | C41: Capital Contracts Expenditure | D41: 18684 | E41: GANNON & MC NAMARA ELECTRICAL LTD | F41: P | G41: 60172.41 | H41: 400225202 | I41: =VLOOKUP(H41,'ORDER WITH PRODUCT'!H:J,3,0) -> CWK006002 | J41: =VLOOKUP(I41,'SPENDCAT By Product'!B:C,2,0) -> Housing & Building Works Contracts | K41: =VLOOKUP(H41,'ORDER WITH PRODUCT'!H:J,2,0) -> 60172.41 | L41: =G41-K41 -> 0
A42: 69300 | B42: 65500 | C42: Minor Contracts- Trade Services & other works | D42: 17804 | E42: WINCOVE CONSTRUCTION LTD | F42: P | G42: 59147.8 | H42: 400226084 | I42: =VLOOKUP(H42,'ORDER WITH PRODUCT'!H:J,3,0) -> CWK006003 | J42: =VLOOKUP(I42,'SPENDCAT By Product'!B:C,2,0) -> Roads Works Contracts | K42: =VLOOKUP(H42,'ORDER WITH PRODUCT'!H:J,2,0) -> 59147.8 | L42: =G42-K42 -> 0
A43: 69300 | B43: 65500 | C43: Minor Contracts- Trade Services & other works | D43: 17804 | E43: WINCOVE CONSTRUCTION LTD | F43: P | G43: 57491.22 | H43: 400223239 | I43: =VLOOKUP(H43,'ORDER WITH PRODUCT'!H:J,3,0) -> CWK006003 | J43: =VLOOKUP(I43,'SPENDCAT By Product'!B:C,2,0) -> Roads Works Contracts | K43: =VLOOKUP(H43,'ORDER WITH PRODUCT'!H:J,2,0) -> 57491.22 | L43: =G43-K43 -> 0
A44: 69300 | B44: 65500 | C44: Minor Contracts- Trade Services & other works | D44: 722597 | E44: BREEDON SURFACING SOLUTIONS IRELAND LIMITED | F44: P | G44: 57017.29 | H44: 400226050 | I44: =VLOOKUP(H44,'ORDER WITH PRODUCT'!H:J,3,0) -> CWK006003 | J44: =VLOOKUP(I44,'SPENDCAT By Product'!B:C,2,0) -> Roads Works Contracts | K44: =VLOOKUP(H44,'ORDER WITH PRODUCT'!H:J,2,0) -> 47415.19 | L44: =G44-K44 -> 9602.1 | M44: Brings in larger product code
A45: 69300 | B45: 65500 | C45: Minor Contracts- Trade Services & other works | D45: 13284 | E45: TRIUR CONSTRUCTION LTD | F45: P | G45: 54365.37 | H45: 400225538 | I45: =VLOOKUP(H45,'ORDER WITH PRODUCT'!H:J,3,0) -> CWK006003 | J45: =VLOOKUP(I45,'SPENDCAT By Product'!B:C,2,0) -> Roads Works Contracts | K45: =VLOOKUP(H45,'ORDER WITH PRODUCT'!H:J,2,0) -> 54365.37 | L45: =G45-K45 -> 0
A46: 69300 | B46: 65500 | C46: Minor Contracts- Trade Services & other works | D46: 17804 | E46: WINCOVE CONSTRUCTION LTD | F46: P | G46: 53870.73 | H46: 400226202 | I46: =VLOOKUP(H46,'ORDER WITH PRODUCT'!H:J,3,0) -> CWK006003 | J46: =VLOOKUP(I46,'SPENDCAT By Product'!B:C,2,0) -> Roads Works Contracts | K46: =VLOOKUP(H46,'ORDER WITH PRODUCT'!H:J,2,0) -> 53870.73 | L46: =G46-K46 -> 0
A47: 69300 | B47: 69300 | C47: Capital Contracts Expenditure | D47: 14429 | E47: SEAN QUIGLEY CONTRACTS LTD | F47: P | G47: 53858.59 | H47: 400226298 | I47: =VLOOKUP(H47,'ORDER WITH PRODUCT'!H:J,3,0) -> CWK006002 | J47: =VLOOKUP(I47,'SPENDCAT By Product'!B:C,2,0) -> Housing & Building Works Contracts | K47: =VLOOKUP(H47,'ORDER WITH PRODUCT'!H:J,2,0) -> 53858.59 | L47: =G47-K47 -> 0
A48: 69300 | B48: 69300 | C48: Capital Contracts Expenditure | D48: 19207 | E48: DANFO UK LTD | F48: P | G48: 53565.96 | H48: 400225511 | I48: =VLOOKUP(H48,'ORDER WITH PRODUCT'!H:J,3,0) -> CWK006005 | J48: =VLOOKUP(I48,'SPENDCAT By Product'!B:C,2,0) -> Other Contracts (Works) | K48: =VLOOKUP(H48,'ORDER WITH PRODUCT'!H:J,2,0) -> 53565.96 | L48: =G48-K48 -> 0
A49: 69300 | B49: 65500 | C49: Minor Contracts- Trade Services & other works | D49: 722597 | E49: BREEDON SURFACING SOLUTIONS IRELAND LIMITED | F49: P | G49: 51954 | H49: 400225254 | I49: =VLOOKUP(H49,'ORDER WITH PRODUCT'!H:J,3,0) -> CWK006003 | J49: =VLOOKUP(I49,'SPENDCAT By Product'!B:C,2,0) -> Roads Works Contracts | K49: =VLOOKUP(H49,'ORDER WITH PRODUCT'!H:J,2,0) -> 42828.6 | L49: =G49-K49 -> 9125.4 | M49: Brings in larger product code
A50: 79000 | B50: 79900 | C50: Consultancy/Professional Fees and Expenses | D50: 14734 | E50: SWEENEY ARCHITECTS | F50: P | G50: 50467.52 | H50: 400225781 | I50: =VLOOKUP(H50,'ORDER WITH PRODUCT'!H:J,3,0) -> CPS004006 | J50: =VLOOKUP(I50,'SPENDCAT By Product'!B:C,2,0) -> Architectural Consultancy | K50: =VLOOKUP(H50,'ORDER WITH PRODUCT'!H:J,2,0) -> 50467.52 | L50: =G50-K50 -> 0
A51: 69300 | B51: 69300 | C51: Capital Contracts Expenditure | D51: 13095 | E51: EARLEY BROTHERS CONSTRUCTION LTD | F51: P | G51: 47550.83 | H51: 400225779 | I51: =VLOOKUP(H51,'ORDER WITH PRODUCT'!H:J,3,0) -> CWK006002 | J51: =VLOOKUP(I51,'SPENDCAT By Product'!B:C,2,0) -> Housing & Building Works Contracts | K51: =VLOOKUP(H51,'ORDER WITH PRODUCT'!H:J,2,0) -> 47550.83 | L51: =G51-K51 -> 0
A52: 69300 | B52: 65500 | C52: Minor Contracts- Trade Services & other works | D52: 722597 | E52: BREEDON SURFACING SOLUTIONS IRELAND LIMITED | F52: P | G52: 46224.41 | H52: 400224805 | I52: =VLOOKUP(H52,'ORDER WITH PRODUCT'!H:J,3,0) -> CWK006003 | J52: =VLOOKUP(I52,'SPENDCAT By Product'!B:C,2,0) -> Roads Works Contracts | K52: =VLOOKUP(H52,'ORDER WITH PRODUCT'!H:J,2,0) -> 43670.66 | L52: =G52-K52 -> 2553.75 | M52: Brings in larger product code
A53: 69300 | B53: 65500 | C53: Minor Contracts- Trade Services & other works | D53: 17804 | E53: WINCOVE CONSTRUCTION LTD | F53: P | G53: 45490.08 | H53: 400225305 | I53: =VLOOKUP(H53,'ORDER WITH PRODUCT'!H:J,3,0) -> CWK006003 | J53: =VLOOKUP(I53,'SPENDCAT By Product'!B:C,2,0) -> Roads Works Contracts | K53: =VLOOKUP(H53,'ORDER WITH PRODUCT'!H:J,2,0) -> 45490.08 | L53: =G53-K53 -> 0
A54: 79000 | B54: 79900 | C54: Consultancy/Professional Fees and Expenses | D54: 14126 | E54: OVE ARUP & PARTNERS IRELAND LTD | F54: P | G54: 45265.23 | H54: 400225660 | I54: =VLOOKUP(H54,'ORDER WITH PRODUCT'!H:J,3,0) -> CPS004010 | J54: =VLOOKUP(I54,'SPENDCAT By Product'!B:C,2,0) -> Civil Engineering Consultancy | K54: =VLOOKUP(H54,'ORDER WITH PRODUCT'!H:J,2,0) -> 45265.23 | L54: =G54-K54 -> 0
A55: 69300 | B55: 65500 | C55: Minor Contracts- Trade Services & other works | D55: 17804 | E55: WINCOVE CONSTRUCTION LTD | F55: P | G55: 44978.23 | H55: 400226080 | I55: =VLOOKUP(H55,'ORDER WITH PRODUCT'!H:J,3,0) -> CWK006003 | J55: =VLOOKUP(I55,'SPENDCAT By Product'!B:C,2,0) -> Roads Works Contracts | K55: =VLOOKUP(H55,'ORDER WITH PRODUCT'!H:J,2,0) -> 44978.23 | L55: =G55-K55 -> 0
A56: 69300 | B56: 65500 | C56: Minor Contracts- Trade Services & other works | D56: 17804 | E56: WINCOVE CONSTRUCTION LTD | F56: P | G56: 42280.79 | H56: 400225610 | I56: =VLOOKUP(H56,'ORDER WITH PRODUCT'!H:J,3,0) -> CWK006003 | J56: =VLOOKUP(I56,'SPENDCAT By Product'!B:C,2,0) -> Roads Works Contracts | K56: =VLOOKUP(H56,'ORDER WITH PRODUCT'!H:J,2,0) -> 42280.79 | L56: =G56-K56 -> 0
A57: 69300 | B57: 69300 | C57: Capital Contracts Expenditure | D57: 16748 | E57: SAMMON DEVELOPMENTS (AUGHNASHEELIN) LTD | F57: P | G57: 42234.3 | H57: 400225294 | I57: =VLOOKUP(H57,'ORDER WITH PRODUCT'!H:J,3,0) -> CWK006002 | J57: =VLOOKUP(I57,'SPENDCAT By Product'!B:C,2,0) -> Housing & Building Works Contracts | K57: =VLOOKUP(H57,'ORDER WITH PRODUCT'!H:J,2,0) -> 42234.3 | L57: =G57-K57 -> 0
A58: 69300 | B58: 65500 | C58: Minor Contracts- Trade Services & other works | D58: 722597 | E58: BREEDON SURFACING SOLUTIONS IRELAND LIMITED | F58: P | G58: 42218.03 | H58: 400224802 | I58: =VLOOKUP(H58,'ORDER WITH PRODUCT'!H:J,3,0) -> CWK006003 | J58: =VLOOKUP(I58,'SPENDCAT By Product'!B:C,2,0) -> Roads Works Contracts | K58: =VLOOKUP(H58,'ORDER WITH PRODUCT'!H:J,2,0) -> 37323.91 | L58: =G58-K58 -> 4894.12 | M58: Brings in larger product code
A59: 69300 | B59: 65500 | C59: Minor Contracts- Trade Services & other works | D59: 722597 | E59: BREEDON SURFACING SOLUTIONS IRELAND LIMITED | F59: P | G59: 40851.77 | H59: 400224060 | I59: =VLOOKUP(H59,'ORDER WITH PRODUCT'!H:J,3,0) -> CWK006003 | J59: =VLOOKUP(I59,'SPENDCAT By Product'!B:C,2,0) -> Roads Works Contracts | K59: =VLOOKUP(H59,'ORDER WITH PRODUCT'!H:J,2,0) -> 38431.95 | L59: =G59-K59 -> 2419.82 | M59: Brings in larger product code
A60: 79000 | B60: 79900 | C60: Consultancy/Professional Fees and Expenses | D60: 14126 | E60: OVE ARUP & PARTNERS IRELAND LTD | F60: P | G60: 40737.6 | H60: 400225658 | I60: =VLOOKUP(H60,'ORDER WITH PRODUCT'!H:J,3,0) -> CPS004010 | J60: =VLOOKUP(I60,'SPENDCAT By Product'!B:C,2,0) -> Civil Engineering Consultancy | K60: =VLOOKUP(H60,'ORDER WITH PRODUCT'!H:J,2,0) -> 40737.6 | L60: =G60-K60 -> 0
A61: 69300 | B61: 65500 | C61: Minor Contracts- Trade Services & other works | D61: 722597 | E61: BREEDON SURFACING SOLUTIONS IRELAND LIMITED | F61: P | G61: 39905.92 | H61: 400224806 | I61: =VLOOKUP(H61,'ORDER WITH PRODUCT'!H:J,3,0) -> CWK006003 | J61: =VLOOKUP(I61,'SPENDCAT By Product'!B:C,2,0) -> Roads Works Contracts | K61: =VLOOKUP(H61,'ORDER WITH PRODUCT'!H:J,2,0) -> 36143.39 | L61: =G61-K61 -> 3762.53 | M61: Brings in larger product code
A62: 69300 | B62: 65500 | C62: Minor Contracts- Trade Services & other works | D62: 722597 | E62: BREEDON SURFACING SOLUTIONS IRELAND LIMITED | F62: P | G62: 39125.27 | H62: 400226215 | I62: =VLOOKUP(H62,'ORDER WITH PRODUCT'!H:J,3,0) -> CWK006003 | J62: =VLOOKUP(I62,'SPENDCAT By Product'!B:C,2,0) -> Roads Works Contracts | K62: =VLOOKUP(H62,'ORDER WITH PRODUCT'!H:J,2,0) -> 27565.29 | L62: =G62-K62 -> 11559.98 | M62: Brings in larger product code
A63: 69300 | B63: 65500 | C63: Minor Contracts- Trade Services & other works | D63: 722597 | E63: BREEDON SURFACING SOLUTIONS IRELAND LIMITED | F63: P | G63: 38854.46 | H63: 400224804 | I63: =VLOOKUP(H63,'ORDER WITH PRODUCT'!H:J,3,0) -> CWK006003 | J63: =VLOOKUP(I63,'SPENDCAT By Product'!B:C,2,0) -> Roads Works Contracts | K63: =VLOOKUP(H63,'ORDER WITH PRODUCT'!H:J,2,0) -> 28094.66 | L63: =G63-K63 -> 10759.8 | M63: Brings in larger product code
A64: 69300 | B64: 65500 | C64: Minor Contracts- Trade Services & other works | D64: 17804 | E64: WINCOVE CONSTRUCTION LTD | F64: P | G64: 37882.75 | H64: 400223236 | I64: =VLOOKUP(H64,'ORDER WITH PRODUCT'!H:J,3,0) -> CWK006003 | J64: =VLOOKUP(I64,'SPENDCAT By Product'!B:C,2,0) -> Roads Works Contracts | K64: =VLOOKUP(H64,'ORDER WITH PRODUCT'!H:J,2,0) -> 37882.75 | L64: =G64-K64 -> 0
A65: 69300 | B65: 65500 | C65: Minor Contracts- Trade Services & other works | D65: 722597 | E65: BREEDON SURFACING SOLUTIONS IRELAND LIMITED | F65: P | G65: 33440.68 | H65: 400225485 | I65: =VLOOKUP(H65,'ORDER WITH PRODUCT'!H:J,3,0) -> CWK006003 | J65: =VLOOKUP(I65,'SPENDCAT By Product'!B:C,2,0) -> Roads Works Contracts | K65: =VLOOKUP(H65,'ORDER WITH PRODUCT'!H:J,2,0) -> 24383.38 | L65: =G65-K65 -> 9057.3 | M65: Brings in larger product code
A66: 79000 | B66: 79900 | C66: Consultancy/Professional Fees and Expenses | D66: 14734 | E66: SWEENEY ARCHITECTS | F66: P | G66: 32139.9 | H66: 400225984 | I66: =VLOOKUP(H66,'ORDER WITH PRODUCT'!H:J,3,0) -> CPS004006 | J66: =VLOOKUP(I66,'SPENDCAT By Product'!B:C,2,0) -> Architectural Consultancy | K66: =VLOOKUP(H66,'ORDER WITH PRODUCT'!H:J,2,0) -> 32139.9 | L66: =G66-K66 -> 0
A67: 69300 | B67: 65500 | C67: Minor Contracts- Trade Services & other works | D67: 722597 | E67: BREEDON SURFACING SOLUTIONS IRELAND LIMITED | F67: P | G67: 29583.26 | H67: 400225490 | I67: =VLOOKUP(H67,'ORDER WITH PRODUCT'!H:J,3,0) -> CWK006003 | J67: =VLOOKUP(I67,'SPENDCAT By Product'!B:C,2,0) -> Roads Works Contracts | K67: =VLOOKUP(H67,'ORDER WITH PRODUCT'!H:J,2,0) -> 24350.91 | L67: =G67-K67 -> 5232.35 | M67: Brings in larger product code
A68: 69300 | B68: 65500 | C68: Minor Contracts- Trade Services & other works | D68: 722597 | E68: BREEDON SURFACING SOLUTIONS IRELAND LIMITED | F68: P | G68: 29566.75 | H68: 400226217 | I68: =VLOOKUP(H68,'ORDER WITH PRODUCT'!H:J,3,0) -> CWK006003 | J68: =VLOOKUP(I68,'SPENDCAT By Product'!B:C,2,0) -> Roads Works Contracts | K68: =VLOOKUP(H68,'ORDER WITH PRODUCT'!H:J,2,0) -> 27296.75 | L68: =G68-K68 -> 2270 | M68: Brings in larger product code
A69: 69300 | B69: 65500 | C69: Minor Contracts- Trade Services & other works | D69: 14616 | E69: MCCABE MASONRY LIMITED | F69: P | G69: 29510 | H69: 400223394 | I69: =VLOOKUP(H69,'ORDER WITH PRODUCT'!H:J,3,0) -> CWK006003 | J69: =VLOOKUP(I69,'SPENDCAT By Product'!B:C,2,0) -> Roads Works Contracts | K69: =VLOOKUP(H69,'ORDER WITH PRODUCT'!H:J,2,0) -> 29510 | L69: =G69-K69 -> 0
A70: 69300 | B70: 65500 | C70: Minor Contracts- Trade Services & other works | D70: 17804 | E70: WINCOVE CONSTRUCTION LTD | F70: P | G70: 27853.13 | H70: 400226081 | I70: =VLOOKUP(H70,'ORDER WITH PRODUCT'!H:J,3,0) -> CWK006003 | J70: =VLOOKUP(I70,'SPENDCAT By Product'!B:C,2,0) -> Roads Works Contracts | K70: =VLOOKUP(H70,'ORDER WITH PRODUCT'!H:J,2,0) -> 27853.13 | L70: =G70-K70 -> 0
A71: 70000 | B71: 70000 | C71: Materials | D71: 353004 | E71: BERNEY CROSSAN & SONS LTD | F71: P | G71: 27813.72 | H71: 400225952 | I71: =VLOOKUP(H71,'ORDER WITH PRODUCT'!H:J,3,0) -> MWS020012 | J71: =VLOOKUP(I71,'SPENDCAT By Product'!B:C,2,0) -> Electrical Installations Supplies | K71: =VLOOKUP(H71,'ORDER WITH PRODUCT'!H:J,2,0) -> 27813.72 | L71: =G71-K71 -> 0
A72: 79000 | B72: 79900 | C72: Consultancy/Professional Fees and Expenses | D72: 4154 | E72: STANTEC IRELAND LIMITED | F72: P | G72: 25686.26 | H72: 400225924 | I72: =VLOOKUP(H72,'ORDER WITH PRODUCT'!H:J,3,0) -> CPS004010 | J72: =VLOOKUP(I72,'SPENDCAT By Product'!B:C,2,0) -> Civil Engineering Consultancy | K72: =VLOOKUP(H72,'ORDER WITH PRODUCT'!H:J,2,0) -> 25686.26 | L72: =G72-K72 -> 0
A73: 69300 | B73: 65500 | C73: Minor Contracts- Trade Services & other works | D73: 17804 | E73: WINCOVE CONSTRUCTION LTD | F73: P | G73: 25299.15 | H73: 400224715 | I73: =VLOOKUP(H73,'ORDER WITH PRODUCT'!H:J,3,0) -> CWK006003 | J73: =VLOOKUP(I73,'SPENDCAT By Product'!B:C,2,0) -> Roads Works Contracts | K73: =VLOOKUP(H73,'ORDER WITH PRODUCT'!H:J,2,0) -> 25299.15 | L73: =G73-K73 -> 0
A74: 69300 | B74: 65500 | C74: Minor Contracts- Trade Services & other works | D74: 722597 | E74: BREEDON SURFACING SOLUTIONS IRELAND LIMITED | F74: P | G74: 24705.77 | H74: 400225491 | I74: =VLOOKUP(H74,'ORDER WITH PRODUCT'!H:J,3,0) -> CWK006003 | J74: =VLOOKUP(I74,'SPENDCAT By Product'!B:C,2,0) -> Roads Works Contracts | K74: =VLOOKUP(H74,'ORDER WITH PRODUCT'!H:J,2,0) -> 24705.77 | L74: =G74-K74 -> 0
A75: 79000 | B75: 79900 | C75: Consultancy/Professional Fees and Expenses | D75: 19105 | E75: BABLE GMBH | F75: P | G75: 24150 | H75: 400226299 | I75: =VLOOKUP(H75,'ORDER WITH PRODUCT'!H:J,3,0) -> CPS004036 | J75: =VLOOKUP(I75,'SPENDCAT By Product'!B:C,2,0) -> Other Consultancy & Professional Services | K75: =VLOOKUP(H75,'ORDER WITH PRODUCT'!H:J,2,0) -> 24150 | L75: =G75-K75 -> 0
A76: 79000 | B76: 79900 | C76: Consultancy/Professional Fees and Expenses | D76: 17792 | E76: ASPECT ARCHITECTURE T/A MCCABE ARCHITECTS | F76: P | G76: 23616 | H76: 400226255 | I76: =VLOOKUP(H76,'ORDER WITH PRODUCT'!H:J,3,0) -> CPS004010 | J76: =VLOOKUP(I76,'SPENDCAT By Product'!B:C,2,0) -> Civil Engineering Consultancy | K76: =VLOOKUP(H76,'ORDER WITH PRODUCT'!H:J,2,0) -> 23616 | L76: =G76-K76 -> 0
A77: 79000 | B77: 79900 | C77: Consultancy/Professional Fees and Expenses | D77: 14126 | E77: OVE ARUP & PARTNERS IRELAND LTD | F77: P | G77: 23559.42 | H77: 400225659 | I77: =VLOOKUP(H77,'ORDER WITH PRODUCT'!H:J,3,0) -> CPS004010 | J77: =VLOOKUP(I77,'SPENDCAT By Product'!B:C,2,0) -> Civil Engineering Consultancy | K77: =VLOOKUP(H77,'ORDER WITH PRODUCT'!H:J,2,0) -> 23559.42 | L77: =G77-K77 -> 0
A78: 69300 | B78: 65500 | C78: Minor Contracts- Trade Services & other works | D78: 17804 | E78: WINCOVE CONSTRUCTION LTD | F78: P | G78: 22567.99 | H78: 400226126 | I78: =VLOOKUP(H78,'ORDER WITH PRODUCT'!H:J,3,0) -> CWK006003 | J78: =VLOOKUP(I78,'SPENDCAT By Product'!B:C,2,0) -> Roads Works Contracts | K78: =VLOOKUP(H78,'ORDER WITH PRODUCT'!H:J,2,0) -> 22567.99 | L78: =G78-K78 -> 0
A79: 69300 | B79: 65500 | C79: Minor Contracts- Trade Services & other works | D79: 295728 | E79: ARDCARNE GARDEN CENTRE | F79: P | G79: 22485 | H79: 400226079 | I79: =VLOOKUP(H79,'ORDER WITH PRODUCT'!H:J,3,0) -> MWW021017 | J79: =VLOOKUP(I79,'SPENDCAT By Product'!B:C,2,0) -> Surface Paving, Fencing & Landscaping Services/Works | K79: =VLOOKUP(H79,'ORDER WITH PRODUCT'!H:J,2,0) -> 22485 | L79: =G79-K79 -> 0
A80: 99000 | B80: 99000 | C80: Miscellaneous Expenses | D80: 384392 | E80: COMMERCIAL & TOURIST HOTEL | F80: P | G80: 21370 | H80: 400226152 | I80: =VLOOKUP(H80,'ORDER WITH PRODUCT'!H:J,3,0) -> NON022005 | J80: =VLOOKUP(I80,'SPENDCAT By Product'!B:C,2,0) -> Other Non-OGP Related Products & services | K80: =VLOOKUP(H80,'ORDER WITH PRODUCT'!H:J,2,0) -> 21370 | L80: =G80-K80 -> 0
A81: 74900 | B81: 71700 | C81: Community Events | D81: 19206 | E81: LEITRIM INTEGRATED DEVELOPMENT CO (TRAVELLER CDC) | F81: P | G81: 20305 | H81: 400224717 | I81: =VLOOKUP(H81,'ORDER WITH PRODUCT'!H:J,3,0) -> NON022005 | J81: =VLOOKUP(I81,'SPENDCAT By Product'!B:C,2,0) -> Other Non-OGP Related Products & services | K81: =VLOOKUP(H81,'ORDER WITH PRODUCT'!H:J,2,0) -> 20305 | L81: =G81-K81 -> 0
G82: =SUM(G2:G81) -> 7279255.4
K86: =SUM(K2:K81) -> 6926903.1 | L86: =SUM(L2:L81) -> 352352.27
K88: MUST BE ZERO | L88: =G82-(K86+L86) -> 0
K89: MUST BE ZERO | L89: =G82-'Published Report'!C85 -> 0

Sheet SPENDCAT By Product
A1: ART15 | B1: ART002001 | C1: Artists Fees & Expenses
A2: ART16 | B2: ART002001 | C2: Artists Fees & Expenses
A3: ART18 | B3: ART002001 | C3: Artists Fees & Expenses
A4: ART08 | B4: ART002003 | C4: Arts Events, Programmes & Workshops
A5: ART10 | B5: ART002003 | C5: Arts Events, Programmes & Workshops
A6: ART12 | B6: ART002003 | C6: Arts Events, Programmes & Workshops
A7: OFF09 | B7: ART002010 | C7: Photography & Film Services
A8: ART07 | B8: ART002011 | C8: Purchase or Commission of Art Works
A9: ART17 | B9: ART002012 | C9: Venue Hire
A10: ART19 | B10: ART002013 | C10: Other Arts & Events
A11: OFEQ05 | B11: CLO003001 | C11: Uniforms
A12: FEE19 | B12: CON005002 | C12: Coroner Services
... A842: BIT07 | B842: CWK006003 | C842: Roads Works Contracts

Sheet Published Report
A1: 2026 Quarter 3– Purchase orders greater than €20,000 – Leitrim County Council
A4: Supplier | B4: Description | C4: Total
A5: ='PROC_ Purchase Orders Workings'!E2 -> JONS CIVIL ENGINEERING CO LTD | B5: ='PROC_ Purchase Orders Workings'!J2 -> Other Contracts (Works) | C5: ='PROC_ Purchase Orders Workings'!G2 -> 933295.79
A6: ='PROC_ Purchase Orders Workings'!E3 -> JONS CIVIL ENGINEERING CO LTD | B6: ='PROC_ Purchase Orders Workings'!J3 -> Other Contracts (Works) | C6: ='PROC_ Purchase Orders Workings'!G3 -> 756855.46
A7: ='PROC_ Purchase Orders Workings'!E4 -> JONS CIVIL ENGINEERING CO LTD | B7: ='PROC_ Purchase Orders Workings'!J4 -> Other Contracts (Works) | C7: ='PROC_ Purchase Orders Workings'!G4 -> 361818.32
A8: ='PROC_ Purchase Orders Workings'!E5 -> BREEDON SURFACING SOLUTIONS IRELAND LIMITED | B8: ='PROC_ Purchase Orders Workings'!J5 -> Roads Works Contracts | C8: ='PROC_ Purchase Orders Workings'!G5 -> 179497.25
A9: ='PROC_ Purchase Orders Workings'!E6 -> WINCOVE CONSTRUCTION LTD | B9: ='PROC_ Purchase Orders Workings'!J6 -> Roads Works Contracts | C9: ='PROC_ Purchase Orders Workings'!G6 -> 177253.76
A10: ='PROC_ Purchase Orders Workings'!E7 -> SIDHEAN TEO | B10: Purchase of Class B Fire Appliance | C10: ='PROC_ Purchase Orders Workings'!G7 -> 137707.75
A11: ='PROC_ Purchase Orders Workings'!E8 -> WINCOVE CONSTRUCTION LTD | B11: ='PROC_ Purchase Orders Workings'!J8 -> Roads Works Contracts | C11: ='PROC_ Purchase Orders Workings'!G8 -> 133501.51
A12: ='PROC_ Purchase Orders Workings'!E9 -> BREEDON SURFACING SOLUTIONS IRELAND LIMITED | B12: ='PROC_ Purchase Orders Workings'!J9 -> Roads Works Contracts | C12: ='PROC_ Purchase Orders Workings'!G9 -> 133246.45
A13: ='PROC_ Purchase Orders Workings'!E10 -> WINCOVE CONSTRUCTION LTD | B13: ='PROC_ Purchase Orders Workings'!J10 -> Roads Works Contracts | C13: ='PROC_ Purchase Orders Workings'!G10 -> 131851.28
A14: ='PROC_ Purchase Orders Workings'!E11 -> VAN DIJK ARCHITECTS LTDD | B14: ='PROC_ Purchase Orders Workings'!J11 -> Architectural Consultancy | C14: ='PROC_ Purchase Orders Workings'!G11 -> 131737.92
A15: ='PROC_ Purchase Orders Workings'!E12 -> WINCOVE CONSTRUCTION LTD | B15: ='PROC_ Purchase Orders Workings'!J12 -> Roads Works Contracts | C15: ='PROC_ Purchase Orders Workings'!G12 -> 131100.24
A16: ='PROC_ Purchase Orders Workings'!E13 -> WINCOVE CONSTRUCTION LTD | B16: ='PROC_ Purchase Orders Workings'!J13 -> Roads Works Contracts | C16: ='PROC_ Purchase Orders Workings'!G13 -> 125156.84
A17: ='PROC_ Purchase Orders Workings'!E14 -> MOSART LANDSCAPE ARCHITECTURE RESEARCH LTD | B17: ='PROC_ Purchase Orders Workings'!J14 -> Architectural Consultancy | C17: ='PROC_ Purchase Orders Workings'!G14 -> 120464.3
A18: ='PROC_ Purchase Orders Workings'!E15 -> CROSSERLOUGH CONSTRUCTION LTD | B18: ='PROC_ Purchase Orders Workings'!J15 -> Other Contracts (Works) | C18: ='PROC_ Purchase Orders Workings'!G15 -> 119072.11
A19: ='PROC_ Purchase Orders Workings'!E16 -> BREEDON SURFACING SOLUTIONS IRELAND LIMITED | B19: ='PROC_ Purchase Orders Workings'!J16 -> Roads Works Contracts | C19: ='PROC_ Purchase Orders Workings'!G16 -> 117793.93
A20: ='PROC_ Purchase Orders Workings'!E17 -> WINCOVE CONSTRUCTION LTD | B20: ='PROC_ Purchase Orders Workings'!J17 -> Roads Works Contracts | C20: ='PROC_ Purchase Orders Workings'!G17 -> 105267.83
A21: ='PROC_ Purchase Orders Workings'!E18 -> OVE ARUP & PARTNERS IRELAND LTD | B21: ='PROC_ Purchase Orders Workings'!J18 -> Civil Engineering Consultancy | C21: ='PROC_ Purchase Orders Workings'!G18 -> 101179.8
A22: ='PROC_ Purchase Orders Workings'!E19 -> GANNON & MC NAMARA ELECTRICAL LTD | B22: ='PROC_ Purchase Orders Workings'!J19 -> Housing & Building Works Contracts | C22: ='PROC_ Purchase Orders Workings'!G19 -> 96922.85
... A84: ='PROC_ Purchase Orders Workings'!E81 -> LEITRIM INTEGRATED DEVELOPMENT CO (TRAVELLER CDC) | B84: ='PROC_ Purchase Orders Workings'!J81 -> Other Non-OGP Related Products & services | C84: ='PROC_ Purchase Orders Workings'!G81 -> 20305
C85: =SUM(C5:C84) -> 7279255.4
A87:  Payments in respect of purchase orders are inclusive of VAT where appropriate
A88:  Payments to suppliers are net of Withholding Tax where applicable.
A89:  Penalty interest may be added at point of payment for late payments over 30 days (or whatever is agreed with the supplier). In addition, if the penalty
A90: interest amount calculated goes over €125 it is then subject to DIRT
A91:  The report includes payments for goods or services and does not include grants-in-aid, reimbursements, etc.
A92:  Some Purchase Orders may be excluded if their publication would be precluded under Freedom of Information legislation

Sheet Addit Wording
A2: Payments in respect of purchase orders are inclusive of VAT where appropriate
A3: Payments to suppliers are net of Witholding Tax where applicable
A4: Penalty interest may be added at point of payment for late payments over 30 days(or whatever is agreed with the supplier). In addition,
A5: if the penalty interest amount calculated goes over €125 it is then subject to DIRT
A6: The report includes payments for goods or services and does not include grants-in-aid, reimbursements, etc.
A7: Some Purchase orders may be excluded if their publication would be precluded under Freedom of Information legislation

Sheet note
B1: VL = Reversal
B2: II =Invoice
B3: IP=Payment
B4: AP= A/C Payable
A8: T | B8: TT | C8: OrderNo | D8: Ap/Ar ID | E8: Ap/Ar ID (T) | F8: TransNo | G8: # | H8: Trans.date | I8: Period | J8: Acc element | K8: JOB | L8: Cat3 | M8: TC | N8: Text | O8: EURO
A9: B | B9: II | C9: 400226051 | D9: 722597 | E9: BREEDON SURFACING SOLUTIONS IRELAND LIMITED | F9: 30373863 | G9: 0 | H9: 46265 | I9: 202609 | J9: 65500 | K9: 23215122 | L9: BIT07 | M9: E2 | O9: 91849.14 | P9: Brings in larger product code
A10: B | B10: II | C10: 400226051 | D10: 722597 | E10: BREEDON SURFACING SOLUTIONS IRELAND LIMITED | F10: 30373863 | G10: 1 | H10: 46265 | I10: 202609 | J10: 65500 | K10: 23215122 | L10: BIT26 | M10: E2 | O10: 81362.48
A11: B | B11: II | C11: 400226051 | D11: 722597 | E11: BREEDON SURFACING SOLUTIONS IRELAND LIMITED | F11: 30373863 | G11: 2 | H11: 46265 | I11: 202609 | J11: 65500 | K11: 23215122 | L11: BIT24 | M11: E2 | O11: 6285.63
A12: B | B12: II | C12: 400226051 | D12: 722597 | E12: BREEDON SURFACING SOLUTIONS IRELAND LIMITED | F12: 30373863 | G12: 3 | H12: 46265 | I12: 202609 | J12: 35000 | M12: Z2 | O12: -158147.35
A13: B | B13: II | C13: 400226051 | D13: 722597 | E13: BREEDON SURFACING SOLUTIONS IRELAND LIMITED | F13: 30373863 | G13: 7 | H13: 46265 | I13: 202609 | J13: 35195 | M13: 0 | O13: -21349.89
O14: 0.01
A16: T | B16: TT | C16: OrderNo | D16: Ap/Ar ID | E16: Ap/Ar ID (T) | F16: TransNo | G16: # | H16: Trans.date | I16: Period | J16: Acc element | K16: JOB | L16: Cat3 | M16: TC | N16: Text | O16: EURO
A17: B | B17: II | C17: 400225443 | D17: 722597 | E17: BREEDON SURFACING SOLUTIONS IRELAND LIMITED | F17: 30372372 | G17: 0 | H17: 46227 | I17: 202609 | J17: 65500 | K17: 23215122 | L17: BIT17 | M17: E2 | O17: 93557.77 | P17: Brings in larger product code
A18: B | B18: II | C18: 400225443 | D18: 722597 | E18: BREEDON SURFACING SOLUTIONS IRELAND LIMITED | F18: 30372372 | G18: 1 | H18: 46227 | I18: 202609 | J18: 65500 | K18: 23215122 | L18: BIT24 | M18: E2 | O18: 10269.48
A19: B | B19: II | C19: 400225443 | D19: 722597 | E19: BREEDON SURFACING SOLUTIONS IRELAND LIMITED | F19: 30372372 | G19: 2 | H19: 46227 | I19: 202609 | J19: 65500 | K19: 23215122 | L19: BIT26 | M19: E2 | O19: 29419.2
A20: B | B20: II | C20: 400225443 | D20: 722597 | E20: BREEDON SURFACING SOLUTIONS IRELAND LIMITED | F20: 30372372 | G20: 3 | H20: 46227 | I20: 202609 | J20: 35000 | M20: Z2 | O20: -117397.75
A21: B | B21: II | C21: 400225443 | D21: 722597 | E21: BREEDON SURFACING SOLUTIONS IRELAND LIMITED | F21: 30372372 | G21: 7 | H21: 46227 | I21: 202609 | J21: 35195 | M21: 0 | O21: -15848.7
O22: 0
A24: T | B24: TT | C24: OrderNo | D24: Ap/Ar ID | E24: Ap/Ar ID (T) | F24: TransNo | G24: # | H24: Trans.date | I24: Period | J24: Acc element | K24: JOB | L24: Cat3 | M24: TC | N24: Text | O24: EURO
A25: B | B25: II | C25: 400225130 | D25: 722597 | E25: BREEDON SURFACING SOLUTIONS IRELAND LIMITED | F25: 30372143 | G25: 0 | H25: 46224 | I25: 202608 | J25: 65500 | K25: 24215307 | L25: BIT17 | M25: E2 | O25: 97772.53 | P25: Brings in larger product code
A26: B | B26: II | C26: 400225130 | D26: 722597 | E26: BREEDON SURFACING SOLUTIONS IRELAND LIMITED | F26: 30372143 | G26: 1 | H26: 46224 | I26: 202608 | J26: 65500 | K26: 24215307 | L26: BIT26 | M26: E2 | O26: 20021.4
A27: B | B27: II | C27: 400225130 | D27: 722597 | E27: BREEDON SURFACING SOLUTIONS IRELAND LIMITED | F27: 30372143 | G27: 2 | H27: 46224 | I27: 202608 | J27: 35000 | M27: Z2 | O27: -103783.2
A28: B | B28: II | C28: 400225130 | D28: 722597 | E28: BREEDON SURFACING SOLUTIONS IRELAND LIMITED | F28: 30372143 | G28: 5 | H28: 46224 | I28: 202608 | J28: 35195 | M28: 0 | O28: -14010.73
O29: 0
A31: T | B31: TT | C31: OrderNo | D31: Ap/Ar ID | E31: Ap/Ar ID (T) | F31: TransNo | G31: # | H31: Trans.date | I31: Period | J31: Acc element | K31: JOB | L31: Cat3 | M31: TC | N31: Text | O31: EURO
A32: B | B32: II | C32: 400224800 | D32: 722597 | E32: BREEDON SURFACING SOLUTIONS IRELAND LIMITED | F32: 30370779 | G32: 7 | H32: 46203 | I32: 202607 | J32: 35195 | M32: 0 | O32: -11070.32
A33: B | B33: II | C33: 400224800 | D33: 722597 | E33: BREEDON SURFACING SOLUTIONS IRELAND LIMITED | F33: 30370779 | G33: 0 | H33: 46203 | I33: 202607 | J33: 65500 | K33: 23215122 | L33: BIT17 | M33: E2 | O33: 74920.61 | P33: Brings in larger product code
A34: B | B34: II | C34: 400224800 | D34: 722597 | E34: BREEDON SURFACING SOLUTIONS IRELAND LIMITED | F34: 30370779 | G34: 1 | H34: 46203 | I34: 202607 | J34: 65500 | K34: 23215122 | L34: BIT30 | M34: E2 | O34: 9384.18
A35: B | B35: II | C35: 400224800 | D35: 722597 | E35: BREEDON SURFACING SOLUTIONS IRELAND LIMITED | F35: 30370779 | G35: 2 | H35: 46203 | I35: 202607 | J35: 65500 | K35: 23215122 | L35: BIT26 | M35: E2 | O35: 8767.88
A36: B | B36: II | C36: 400224800 | D36: 722597 | E36: BREEDON SURFACING SOLUTIONS IRELAND LIMITED | F36: 30370779 | G36: 3 | H36: 46203 | I36: 202607 | J36: 35000 | M36: Z2 | O36: -82002.35
O37: 0
A39: T | B39: TT | C39: OrderNo | D39: Ap/Ar ID | E39: Ap/Ar ID (T) | F39: TransNo | G39: # | H39: Trans.date | I39: Period | J39: Acc element | K39: JOB | L39: Cat3 | M39: TC | N39: Text | O39: EURO
A40: B | B40: II | C40: 400225444 | D40: 722597 | E40: BREEDON SURFACING SOLUTIONS IRELAND LIMITED | F40: 30372374 | G40: 0 | H40: 46227 | I40: 202609 | J40: 65500 | K40: 24215307 | L40: BIT17 | M40: E2 | O40: 63124.84 | P40: Brings in larger product code
A41: B | B41: II | C41: 400225444 | D41: 722597 | E41: BREEDON SURFACING SOLUTIONS IRELAND LIMITED | F41: 30372374 | G41: 1 | H41: 46227 | I41: 202609 | J41: 65500 | K41: 24215307 | L41: BIT26 | M41: E2 | O41: 28006.13
A42: B | B42: II | C42: 400225444 | D42: 722597 | E42: BREEDON SURFACING SOLUTIONS IRELAND LIMITED | F42: 30372374 | G42: 2 | H42: 46227 | I42: 202609 | J42: 35000 | M42: Z2 | O42: -80291.6
A43: B | B43: II | C43: 400225444 | D43: 722597 | E43: BREEDON SURFACING SOLUTIONS IRELAND LIMITED | F43: 30372374 | G43: 5 | H43: 46227 | I43: 202609 | J43: 35195 | M43: 0 | O43: -10839.37
O44: 0
A47: T | B47: TT | C47: OrderNo | D47: Ap/Ar ID | E47: Ap/Ar ID (T) | F47: TransNo | G47: # | H47: Trans.date | I47: Period | J47: Acc element | K47: JOB | L47: Cat3 | M47: TC | N47: Text | O47: EURO
A48: B | B48: II | C48: 400225532 | D48: 722597 | E48: BREEDON SURFACING SOLUTIONS IRELAND LIMITED | F48: 30370996 | G48: 0 | H48: 46203 | I48: 202607 | J48: 65500 | K48: 23215122 | L48: BIT17 | M48: E2 | O48: 63334.53 | P48: Brings in larger product code
A49: B | B49: II | C49: 400225532 | D49: 722597 | E49: BREEDON SURFACING SOLUTIONS IRELAND LIMITED | F49: 30370996 | G49: 3 | H49: 46203 | I49: 202607 | J49: 65500 | K49: 23215122 | L49: BIT18 | M49: E2 | O49: 7150.5
A50: B | B50: II | C50: 400225532 | D50: 722597 | E50: BREEDON SURFACING SOLUTIONS IRELAND LIMITED | F50: 30370996 | G50: 1 | H50: 46203 | I50: 202607 | J50: 65500 | K50: 23215122 | L50: BIT24 | M50: E2 | O50: 6864.48
A51: B | B51: II | C51: 400225532 | D51: 722597 | E51: BREEDON SURFACING SOLUTIONS IRELAND LIMITED | F51: 30370996 | G51: 2 | H51: 46203 | I51: 202607 | J51: 65500 | K51: 23215122 | L51: BIT26 | M51: E2 | O51: 5245.4
A52: B | B52: II | C52: 400225532 | D52: 722597 | E52: BREEDON SURFACING SOLUTIONS IRELAND LIMITED | F52: 30370996 | G52: 9 | H52: 46203 | I52: 202607 | J52: 35195 | M52: 0 | O52: -9824.06
A53: B | B53: II | C53: 400225532 | D53: 722597 | E53: BREEDON SURFACING SOLUTIONS IRELAND LIMITED | F53: 30370996 | G53: 4 | H53: 46203 | I53: 202607 | J53: 35000 | M53: Z2 | O53: -72770.85
O54: 0
A57: T | B57: TT | C57: OrderNo | D57: Ap/Ar ID | E57: Ap/Ar ID (T) | F57: TransNo | G57: # | H57: Trans.date | I57: Period | J57: Acc element | K57: JOB | L57: Cat3 | M57: TC | N57: Text | O57: EURO
A58: B | B58: II | C58: 400225128 | D58: 722597 | E58: BREEDON SURFACING SOLUTIONS IRELAND LIMITED | F58: 30372141 | G58: 0 | H58: 46224 | I58: 202608 | J58: 65500 | K58: 28706887 | L58: BIT17 | M58: E2 | O58: 48769.7 | P58: Brings in larger product code
A59: B | B59: II | C59: 400225128 | D59: 722597 | E59: BREEDON SURFACING SOLUTIONS IRELAND LIMITED | F59: 30372141 | G59: 1 | H59: 46224 | I59: 202608 | J59: 65500 | K59: 28706887 | L59: BIT26 | M59: E2 | O59: 27938.03
A60: B | B60: II | C60: 400225128 | D60: 722597 | E60: BREEDON SURFACING SOLUTIONS IRELAND LIMITED | F60: 30372141 | G60: 2 | H60: 46224 | I60: 202608 | J60: 35000 | M60: Z2 | O60: -67583.9
A61: B | B61: II | C61: 400225128 | D61: 722597 | E61: BREEDON SURFACING SOLUTIONS IRELAND LIMITED | F61: 30372141 | G61: 5 | H61: 46224 | I61: 202608 | J61: 35195 | M61: 0 | O61: -9123.83
O62: 0
A64: T | B64: TT | C64: OrderNo | D64: Ap/Ar ID | E64: Ap/Ar ID (T) | F64: TransNo | G64: # | H64: Trans.date | I64: Period | J64: Acc element | K64: JOB | L64: Cat3 | M64: TC | N64: Text | O64: EURO
A65: B | B65: II | C65: 400225129 | D65: 722597 | E65: BREEDON SURFACING SOLUTIONS IRELAND LIMITED | F65: 30372142 | G65: 0 | H65: 46224 | I65: 202608 | J65: 65500 | K65: 24215307 | L65: BIT17 | M65: E2 | O65: 45851.9 | P65: Brings in larger product code
A66: B | B66: II | C66: 400225129 | D66: 722597 | E66: BREEDON SURFACING SOLUTIONS IRELAND LIMITED | F66: 30372142 | G66: 1 | H66: 46224 | I66: 202608 | J66: 65500 | K66: 24215307 | L66: BIT26 | M66: E2 | O66: 28653.08
A67: B | B67: II | C67: 400225129 | D67: 722597 | E67: BREEDON SURFACING SOLUTIONS IRELAND LIMITED | F67: 30372142 | G67: 2 | H67: 46224 | I67: 202608 | J67: 35000 | M67: Z2 | O67: -65643.15
A68: B | B68: II | C68: 400225129 | D68: 722597 | E68: BREEDON SURFACING SOLUTIONS IRELAND LIMITED | F68: 30372142 | G68: 5 | H68: 46224 | I68: 202608 | J68: 35195 | M68: 0 | O68: -8861.83
O69: 0
A72: T | B72: TT | C72: OrderNo | D72: Ap/Ar ID | E72: Ap/Ar ID (T) | F72: TransNo | G72: # | H72: Trans.date | I72: Period | J72: Acc element | K72: JOB | L72: Cat3 | M72: TC | N72: Text | O72: EURO
A73: B | B73: II | C73: 400224813 | D73: 722597 | E73: BREEDON SURFACING SOLUTIONS IRELAND LIMITED | F73: 30370774 | G73: 0 | H73: 46203 | I73: 202607 | J73: 65500 | K73: 24215307 | L73: BIT17 | M73: E2 | O73: 60969.87 | P73: Brings in larger product code
A74: B | B74: II | C74: 400224813 | D74: 722597 | E74: BREEDON SURFACING SOLUTIONS IRELAND LIMITED | F74: 30370774 | G74: 1 | H74: 46203 | I74: 202607 | J74: 65500 | K74: 24215307 | L74: BIT26 | M74: E2 | O74: 11747.25
A75: B | B75: II | C75: 400224813 | D75: 722597 | E75: BREEDON SURFACING SOLUTIONS IRELAND LIMITED | F75: 30370774 | G75: 5 | H75: 46203 | I75: 202607 | J75: 35195 | M75: 0 | O75: -8649.17
A76: B | B76: II | C76: 400224813 | D76: 722597 | E76: BREEDON SURFACING SOLUTIONS IRELAND LIMITED | F76: 30370774 | G76: 2 | H76: 46203 | I76: 202607 | J76: 35000 | M76: Z2 | O76: -64067.95
O77: 0
A79: T | B79: TT | C79: OrderNo | D79: Ap/Ar ID | E79: Ap/Ar ID (T) | F79: TransNo | G79: # | H79: Trans.date | I79: Period | J79: Acc element | K79: JOB | L79: Cat3 | M79: TC | N79: Text | O79: EURO
A80: B | B80: II | C80: 400226050 | D80: 722597 | E80: BREEDON SURFACING SOLUTIONS IRELAND LIMITED | F80: 30373865 | G80: 0 | H80: 46265 | I80: 202609 | J80: 65500 | K80: 23215122 | L80: BIT17 | M80: E2 | O80: 47415.19
A81: B | B81: II | C81: 400226050 | D81: 722597 | E81: BREEDON SURFACING SOLUTIONS IRELAND LIMITED | F81: 30373865 | G81: 1 | H81: 46265 | I81: 202609 | J81: 65500 | K81: 23215122 | L81: BIT26 | M81: E2 | O81: 9602.1
A82: B | B82: II | C82: 400226050 | D82: 722597 | E82: BREEDON SURFACING SOLUTIONS IRELAND LIMITED | F82: 30373865 | G82: 2 | H82: 46265 | I82: 202609 | J82: 35000 | M82: Z2 | O82: -50235.5
A83: B | B83: II | C83: 400226050 | D83: 722597 | E83: BREEDON SURFACING SOLUTIONS IRELAND LIMITED | F83: 30373865 | G83: 5 | H83: 46265 | I83: 202609 | J83: 35195 | M83: 0 | O83: -6781.79
O84: 0
A87: T | B87: TT | C87: OrderNo | D87: Ap/Ar ID | E87: Ap/Ar ID (T) | F87: TransNo | G87: # | H87: Trans.date | I87: Period | J87: Acc element | K87: JOB | L87: Cat3 | M87: TC | N87: Text | O87: EURO
A88: B | B88: II | C88: 400225485 | D88: 722597 | E88: BREEDON SURFACING SOLUTIONS IRELAND LIMITED | F88: 30372375 | G88: 0 | H88: 46227 | I88: 202609 | J88: 65500 | K88: 24215307 | L88: BIT17 | M88: E2 | O88: 24383.38
A89: B | B89: II | C89: 400225485 | D89: 722597 | E89: BREEDON SURFACING SOLUTIONS IRELAND LIMITED | F89: 30372375 | G89: 1 | H89: 46227 | I89: 202609 | J89: 65500 | K89: 24215307 | L89: BIT26 | M89: E2 | O89: 9057.3
A90: B | B90: II | C90: 400225485 | D90: 722597 | E90: BREEDON SURFACING SOLUTIONS IRELAND LIMITED | F90: 30372375 | G90: 2 | H90: 46227 | I90: 202609 | J90: 35000 | M90: Z2 | O90: -29463.15
A91: B | B91: II | C91: 400225485 | D91: 722597 | E91: BREEDON SURFACING SOLUTIONS IRELAND LIMITED | F91: 30372375 | G91: 5 | H91: 46227 | I91: 202609 | J91: 35195 | M91: 0 | O91: -3977.53
O92: 0
A94: T | B94: TT | C94: OrderNo | D94: Ap/Ar ID | E94: Ap/Ar ID (T) | F94: TransNo | G94: # | H94: Trans.date | I94: Period | J94: Acc element | K94: JOB | L94: Cat3 | M94: TC | N94: Text | O94: EURO
A95: B | B95: II | C95: 400224804 | D95: 722597 | E95: BREEDON SURFACING SOLUTIONS IRELAND LIMITED | F95: 30370780 | G95: 2 | H95: 46203 | I95: 202607 | J95: 35000 | M95: Z2 | O95: -34233
A96: B | B96: II | C96: 400224804 | D96: 722597 | E96: BREEDON SURFACING SOLUTIONS IRELAND LIMITED | F96: 30370780 | G96: 0 | H96: 46203 | I96: 202607 | J96: 65500 | K96: 24215307 | L96: BIT17 | M96: E2 | O96: 28094.66
A97: B | B97: II | C97: 400224804 | D97: 722597 | E97: BREEDON SURFACING SOLUTIONS IRELAND LIMITED | F97: 30370780 | G97: 1 | H97: 46203 | I97: 202607 | J97: 65500 | K97: 24215307 | L97: BIT26 | M97: E2 | O97: 10759.8
A98: B | B98: II | C98: 400224804 | D98: 722597 | E98: BREEDON SURFACING SOLUTIONS IRELAND LIMITED | F98: 30370780 | G98: 5 | H98: 46203 | I98: 202607 | J98: 35195 | M98: 0 | O98: -4621.46
O99: 0
A101: T | B101: TT | C101: OrderNo | D101: Ap/Ar ID | E101: Ap/Ar ID (T) | F101: TransNo | G101: # | H101: Trans.date | I101: Period | J101: Acc element | K101: JOB | L101: Cat3 | M101: TC | N101: Text | O101: EURO
A102: B | B102: II | C102: 400226215 | D102: 722597 | E102: BREEDON SURFACING SOLUTIONS IRELAND LIMITED | F102: 30373864 | G102: 0 | H102: 46265 | I102: 202609 | J102: 65500 | K102: 24215307 | L102: BIT17 | M102: E2 | O102: 27565.29
A103: B | B103: II | C103: 400226215 | D103: 722597 | E103: BREEDON SURFACING SOLUTIONS IRELAND LIMITED | F103: 30373864 | G103: 1 | H103: 46265 | I103: 202609 | J103: 65500 | K103: 24215307 | L103: BIT26 | M103: E2 | O103: 11559.98
A104: B | B104: II | C104: 400226215 | D104: 722597 | E104: BREEDON SURFACING SOLUTIONS IRELAND LIMITED | F104: 30373864 | G104: 2 | H104: 46265 | I104: 202609 | J104: 35000 | M104: Z2 | O104: -34471.6
A105: B | B105: II | C105: 400226215 | D105: 722597 | E105: BREEDON SURFACING SOLUTIONS IRELAND LIMITED | F105: 30373864 | G105: 5 | H105: 46265 | I105: 202609 | J105: 35195 | M105: 0 | O105: -4653.67
O106: 0
A108: T | B108: TT | C108: OrderNo | D108: Ap/Ar ID | E108: Ap/Ar ID (T) | F108: TransNo | G108: # | H108: Trans.date | I108: Period | J108: Acc element | K108: JOB | L108: Cat3 | M108: TC | N108: Text | O108: EURO
A109: B | B109: II | C109: 400224806 | D109: 722597 | E109: BREEDON SURFACING SOLUTIONS IRELAND LIMITED | F109: 30370778 | G109: 0 | H109: 46203 | I109: 202607 | J109: 65500 | K109: 24635065 | L109: BIT17 | M109: E2 | O109: 36143.39
A110: B | B110: II | C110: 400224806 | D110: 722597 | E110: BREEDON SURFACING SOLUTIONS IRELAND LIMITED | F110: 30370778 | G110: 1 | H110: 46203 | I110: 202607 | J110: 65500 | K110: 24635065 | L110: BIT26 | M110: E2 | O110: 3762.53
A111: B | B111: II | C111: 400224806 | D111: 722597 | E111: BREEDON SURFACING SOLUTIONS IRELAND LIMITED | F111: 30370778 | G111: 2 | H111: 46203 | I111: 202607 | J111: 35000 | M111: Z2 | O111: -35159.4
A112: B | B112: II | C112: 400224806 | D112: 722597 | E112: BREEDON SURFACING SOLUTIONS IRELAND LIMITED | F112: 30370778 | G112: 5 | H112: 46203 | I112: 202607 | J112: 35195 | M112: 0 | O112: -4746.52
O113: 0
A115: T | B115: TT | C115: OrderNo | D115: Ap/Ar ID | E115: Ap/Ar ID (T) | F115: TransNo | G115: # | H115: Trans.date | I115: Period | J115: Acc element | K115: JOB | L115: Cat3 | M115: TC | N115: Text | O115: EURO
A116: B | B116: II | C116: 400225490 | D116: 722597 | E116: BREEDON SURFACING SOLUTIONS IRELAND LIMITED | F116: 30372376 | G116: 2 | H116: 46227 | I116: 202609 | J116: 35000 | M116: Z2 | O116: -26064.55
A117: B | B117: II | C117: 400225490 | D117: 722597 | E117: BREEDON SURFACING SOLUTIONS IRELAND LIMITED | F117: 30372376 | G117: 5 | H117: 46227 | I117: 202609 | J117: 35195 | M117: 0 | O117: -3518.71
A118: B | B118: II | C118: 400225490 | D118: 722597 | E118: BREEDON SURFACING SOLUTIONS IRELAND LIMITED | F118: 30372376 | G118: 0 | H118: 46227 | I118: 202609 | J118: 65500 | K118: 24215307 | L118: BIT17 | M118: E2 | O118: 24350.91
A119: B | B119: II | C119: 400225490 | D119: 722597 | E119: BREEDON SURFACING SOLUTIONS IRELAND LIMITED | F119: 30372376 | G119: 1 | H119: 46227 | I119: 202609 | J119: 65500 | K119: 24215307 | L119: BIT26 | M119: E2 | O119: 5232.35
O120: 0
A122: T | B122: TT | C122: OrderNo | D122: Ap/Ar ID | E122: Ap/Ar ID (T) | F122: TransNo | G122: # | H122: Trans.date | I122: Period | J122: Acc element | K122: JOB | L122: Cat3 | M122: TC | N122: Text | O122: EURO
...
